 Dungeon Crawl Stone Soup version 0.30-a0-219-gf2db51d15e (webtiles) character file.

Game seed: 3817043374137587997

636521 Sobieck the Intangible (level 27, -1/181 (185) HPs)
             Began as a Kobold Gladiator on Oct 5, 2022.
             Was a Priest of Uskayaw.
             Slain by Quossuri the pandemonium lord (2 damage)
             ... on level 1 of the Realm of Zot on Oct 6, 2022.
             The game lasted 03:26:39 (68679 turns).

Sobieck the Intangible (Kobold Gladiator)          Turns: 68679, Time: 03:26:39

HP:   -1/181 (185)  AC: 24    Str: 18    XL:     27
MP:   38/39         EV: 39    Int: 17    God:    Uskayaw [***...]
Gold: 4656          SH: 23    Dex: 29    Spells: 26/26 levels left

rFire   + + +      SeeInvis +    b - +18 lance "Wyrmbane" {slay drac, rPois rF+ rC+ AC+3}
rCold   + + +      Faith    +    Y - +4 kite shield {rC+}
rNeg    + + .      Spirit   .    d - +1 scale mail "Oghyg" {Rampage Str+5 Dex+5}
rPois   +          Reflect  .    c - +1 helmet of Brilliance {+Inv Will+ Regen+}
rElec   +          Harm     .    y - scarf {rC+ rF+}
rCorr   .          Rampage  +    T - +1 pair of gloves "Xeco" {-Cast rF+ SInv}
Will    ++++.      NoCast   +    p - +2 pair of boots
Stlth   ++++......               n - amulet of faith {!P}
HPRegen 1.30/turn                U - ring of Emod Jam {rN+ Int+4 Slay+4 Stlth+}
MPRegen 0.26/turn                m - ring "Cuarez" {rElec rC+ rN+ Will+ Int+3}

@: about to teleport, studying Invocations, lightly drained, unable to drink
A: small, no large weapons, nightstalker 3, clumsy 1, dopey 1, inability to
drink after injury 1
0: Orb of Zot
}: 3/15 runes: decaying, serpentine, silver
a: Renounce Religion, Evoke Invisibility, Stomp, Line Pass


You were on level 1 of the Realm of Zot.
You worshipped Uskayaw.
Uskayaw was extremely pleased with you.
You visited 11 branches of the dungeon, and saw 51 of its levels.
You visited 1 bazaar.

You collected 10896 gold pieces.
You spent 6240 gold pieces at shops.


Innate Abilities, Weirdness & Mutations

You are small and have problems with some larger weapons.
You are completely attuned to the shadows.
You are clumsy. (Dex -2)
You are dopey. (Int -2)
You occasionally lose the ability to drink potions when taking damage.


   Skills:
 + Level 22.3 Fighting
 - Level 10.0 Short Blades
 - Level 12.0 Polearms
 - Level 2.1 Throwing
 + Level 18.3 Armour
 O Level 27 Dodging
 O Level 27 Stealth
 - Level 19.0 Shields
 + Level 24.6 Invocations


You had 26 spell levels left.
You didn't know any spells.
Your spell library contained the following spells:

 Spells                   Type           Power      Damage    Failure   Level
 Apportation              Tloc           0%         N/A       63%         1
 Freeze                   Ice            0%         1d3       63%         1
 Kiss of Death            Conj/Necr      0%         2d5       63%         1
 Magic Dart               Conj           0%         1d3       63%         1
 Necrotise                Necr           0%         1d4       63%         1
 Sandblast                Erth           0%         2d4       63%         1
 Shock                    Conj/Air       0%         1d3       63%         1
 Sting                    Tmut/Pois      0%         1d3       63%         1
 Summon Small Mammal      Summ           0%         N/A       63%         1
 Blink                    Tloc           0%         N/A       77%         2
 Ensorcelled Hibernation  Hex/Ice        0%         N/A       77%         2
 Momentum Strike          Conj/Tloc      0%         3d8       77%         2
 Passwall                 Tmut/Erth      0%         N/A       77%         2
 Poisonous Vapours        Pois/Air       0%         N/A       77%         2
 Searing Ray              Conj           0%         2d4       77%         2
 Static Discharge         Conj/Air       0%         2-2/arc   77%         2
 Call Canine Familiar     Summ           0%         N/A       94%         3
 Confusing Touch          Hex            0%         N/A       94%         3
 Frozen Ramparts          Ice            0%         1d1       94%         3
 Hailstorm                Conj/Ice       0%         3d3       94%         3
 Ignite Poison            Fire/Tmut/Pois 0%         N/A       94%         3
 Inner Flame              Hex/Fire       0%         N/A       94%         3
 Kindle Blastsparks       Fire/Tloc/Air  0%         2d10      94%         3
 Lesser Beckoning         Tloc           0%         N/A       94%         3
 Portal Projectile        Hex/Tloc       0%         N/A       94%         3
 Spider Form              Tmut/Pois      0%         N/A       94%         3
 Stone Arrow              Conj/Erth      0%         3d7       94%         3
 Summon Guardian Golem    Hex/Summ       0%         N/A       94%         3
 Swiftness                Air            0%         N/A       94%         3
 Vampiric Draining        Necr           0%         2d6       94%         3
 Vhi's Electric Charge    Tloc/Air       0%         N/A       94%         3
 Airstrike                Air            0%         2d(0-16)  100%        4
 Anguish                  Hex/Necr       0%         N/A       100%        4
 Animate Armour           Summ/Erth      0%         N/A       100%        4
 Animate Dead             Necr           0%         N/A       100%        4
 Cause Fear               Hex            0%         N/A       100%        4
 Dispel Undead            Necr           0%         3d6       100%        4
 Flame Wave               Conj/Fire      0%         2d4       100%        4
 Fulminant Prism          Conj/Hex       0%         3d6       100%        4
 Ice Form                 Ice/Tmut       0%         N/A       100%        4
 Leda's Liquefaction      Hex/Erth       0%         N/A       100%        4
 Manifold Assault         Tloc           0%         N/A       100%        4
 Olgreb's Toxic Radiance  Pois           0%         N/A       100%        4
 Petrify                  Tmut/Erth      0%         N/A       100%        4
 Sticky Flame             Conj/Fire      0%         2d3       100%        4
 Summon Ice Beast         Ice/Summ       0%         N/A       100%        4
 Summon Lightning Spire   Summ/Air       0%         N/A       100%        4
 Arcjolt                  Conj/Air       0%         1d10      100%        5
 Blade Hands              Tmut           0%         N/A       100%        5
 Borgnjor's Vile Clutch   Necr/Erth      0%         N/A       100%        5
 Fireball                 Conj/Fire      0%         3d3       100%        5
 Freezing Cloud           Conj/Ice/Air   0%         6-21      100%        5
 Iskenderun's Battlesphe  Conj           0%         2d6       100%        5
 Lightning Bolt           Conj/Air       0%         1d11      100%        5
 Silence                  Hex/Air        0%         N/A       100%        5
 Summon Forest            Summ/Tloc      0%         N/A       100%        5
 Summon Mana Viper        Hex/Summ       0%         N/A       100%        5
 Yara's Violent Unravell  Hex/Tmut       0%         3d3       100%        5
 Conjure Ball Lightning   Conj/Air       0%         3x3d6     100%        6
 Death Channel            Necr           0%         N/A       100%        6
 Dispersal                Tloc           0%         N/A       100%        6
 Eringya's Noxious Bog    Tmut/Pois      0%         N/A       100%        6
 Iron Shot                Conj/Erth      0%         9d1       100%        6
 Simulacrum               Ice/Necr       0%         N/A       100%        6
 Starburst                Conj/Fire      0%         6d3       100%        6
 Summon Cactus Giant      Summ           0%         N/A       100%        6
 Dragon Form              Tmut           0%         N/A       100%        7
 Enfeeble                 Hex            0%         N/A       100%        7
 Monstrous Menagerie      Summ           0%         N/A       100%        7
 Orb of Destruction       Conj           0%         9d5       100%        7
 Spellforged Servitor     Conj/Summ      0%         N/A       100%        7
 Storm Form               Tmut/Air       0%         N/A       100%        7
 Summon Hydra             Summ           0%         N/A       100%        7
 Borgnjor's Revivificati  Necr           0%         N/A       100%        8
 Disjunction              Tloc           0%         N/A       100%        8
 Ignition                 Fire           0%         3d3       100%        8
 Infestation              Necr           0%         N/A       100%        8
 Lehudib's Crystal Spear  Conj/Erth      0%         10d2      100%        8
 Maxwell's Capacitive Co  Air            0%         ∞         100%        8
 Dragon's Call            Summ           0%         N/A       100%        9
 Polar Vortex             Ice            0%         N/A       100%        9

Inventory:

Hand Weapons
 a - a +9 dagger of electrocution {short}
   (You bought it in a shop on level 3 of the Dungeon)
 b - the +18 lance "Wyrmbane" (weapon) {slay drac, rPois rF+ rC+ AC+3}
   (You bought it in a shop on level 2 of the Snake Pit)

   It inflicts extra damage against dragons and draconians.
   AC:        It affects your AC (+3).
   rF:        It protects you from fire.
   rC:        It protects you from cold.
   rPois:     It protects you from poison.
 F - the +4 quarterstaff of Cocytus {vorpal, *Rage rC+ rN+ rCorr, staff}
   (You found it on level 3 of the Elven Halls)

   It inflicts extra damage upon your enemies.
   rC:        It protects you from cold.
   rN:        It protects you from negative energy.
   *Rage:     It berserks you when you make melee attacks (+20% chance).
   rCorr:     It protects you from acid and corrosion.
Missiles
 s - 14 throwing nets {=f!fthrowing}
Armour
 c - the +1 helmet of Brilliance (worn) {+Inv Will+ Regen+}
   (You found it on level 9 of the Dungeon)

   +Inv:      It lets you turn invisible.
   Regen:     It increases your rate of health regeneration.
   Will:      It increases your willpower.
 d - the +1 scale mail "Oghyg" (worn) {Rampage Str+5 Dex+5}
   (You bought it in a shop in a bazaar)

   Str:       It affects your strength (+5).
   Dex:       It affects your dexterity (+5).
   Rampage:   It bestows one free step when moving towards enemies.
 p - a +2 pair of boots (worn)
   (You found it on level 4 of the Dungeon)
 w - a +1 pair of gloves of stealth
   (You found it on level 5 of the Vaults)
 y - a scarf of resistance (worn)
   (You found it on level 9 of the Dungeon)
 T - the +1 pair of gloves "Xeco" (worn) {-Cast rF+ SInv}
   (You acquired it on level 1 of the Realm of Zot)

   rF:        It protects you from fire.
   SInv:      It lets you see invisible.
   -Cast:     It prevents spellcasting.
 Y - a +4 kite shield of cold resistance (worn)
   (You took it off a naga warrior on level 3 of the Snake Pit)
Jewellery
 e - an amulet of the acrobat
   (You found it on level 1 of the Realm of Zot)
 m - the ring "Cuarez" (right hand) {rElec rC+ rN+ Will+ Int+3}
   (You took it off a deep elf death mage on level 3 of the Elven Halls)

   [ring of willpower]

   Int:       It affects your intelligence (+3).
   rC:        It protects you from cold.
   rElec:     It insulates you from electricity.
   rN:        It protects you from negative energy.
   Will:      It increases your willpower.
 n - an amulet of faith (around neck) {!P}
   (You found it on level 2 of the Dungeon)
 D - a ring of protection from fire
   (You found it on level 13 of the Dungeon)
 E - a ring of resist corrosion
   (You found it on level 4 of the Dungeon)
 J - the ring of Fanaev {Fly rC+ SInv}
   (You took it off a deep elf knight on level 3 of the Elven Halls)

   [ring of protection from cold]

   rC:        It protects you from cold.
   SInv:      It lets you see invisible.
   Fly:       It grants you flight.
 U - the ring of Emod Jam (left hand) {rN+ Int+4 Slay+4 Stlth+}
   (You found it on level 11 of the Dungeon)

   [ring of slaying]

   Int:       It affects your intelligence (+4).
   Slay:      It affects your accuracy & damage with ranged weapons and melee
   (+4).
   rN:        It protects you from negative energy.
   Stlth:     It makes you more stealthy.
Wands
 q - a wand of roots (63)
   (You took it off an orc warrior on level 7 of the Dungeon)
 t - a wand of digging (29)
   (You found it on level 2 of the Vaults)
 x - a wand of quicksilver (27)
   (You found it on level 4 of the Snake Pit)
 A - a wand of polymorph (9)
   (You found it on level 9 of the Dungeon)
 P - a wand of charming (62)
   (You found it on level 5 of the Dungeon)
Scrolls
 g - 3 scrolls of fear
 o - 6 scrolls of immolation {!r!r}
 G - 6 scrolls of fog
 I - 17 scrolls of teleportation {@r4}
 O - 3 scrolls of magic mapping {!r}
 R - 7 scrolls of poison {!r}
 V - 4 scrolls of silence {!r}
 X - 12 scrolls of vulnerability {!r!r}
 Z - 4 scrolls of torment {!r}
Potions
 f - 2 potions of brilliance
 h - 4 potions of resistance
 i - 12 potions of mutation {!q}
 j - 19 potions of curing {@q1}
 k - 9 potions of flight
 l - 12 potions of attraction {!q}
 r - a potion of ambrosia
 z - 4 potions of heal wounds {@q2}
 B - 3 potions of magic
 C - 3 potions of might
 K - 3 potions of cancellation
 L - 3 potions of berserk rage {!q}
 N - 7 potions of lignification {!q}
 W - 5 potions of haste {@q3}
Miscellaneous
 u - a tin of tremorstones (2/2) {throwing}
   (You found it on level 3 of the Elven Halls)
 v - a box of beasts
   (You found it on level 2 of the Swamp)
 H - a phial of floods
   (You found it on level 3 of the Elven Halls)
 M - a piece from Xom's chessboard (15/15)
   (You found it on level 3 of the Elven Halls)
 Q - a phantom mirror
   (You found it on level 3 of the Elven Halls)
 S - a condenser vane
   (You found it on level 1 of the Swamp)

Dungeon Overview and Level Annotations

Branches:
Dungeon (15/15)            Temple (1/1) D:7            Lair (5/5) D:9
  Swamp (4/4) Lair:3        Snake (4/4) Lair:2        Slime (0/5) Lair:4
    Orc (2/2) D:11            Elf (3/3) Orc:2        Vaults (5/5) D:13
  Crypt (3/3) Vaults:2       Tomb (0/3) Crypt:3      Depths (4/4) D:15
    Zot (5/5) Depths:4

Altars:
Ashenzari
Dithmenos
Elyvilon
Fedhas
Kikubaaqudgha
Makhleb
Qazlal
Ru
Sif Muna
Uskayaw
Xom
Yredelemnul
The Shining One
Jiyva

Shops:
D:3 [!=(*   D:8 *   Orc:1 [   Orc:2 =*[(*=   Elf:1 ?   Elf:2 [   Elf:3 [
Snake:2 (:==   Vaults:2 ?   Vaults:5 (   Depths:3 **   Depths:4 *

Portals:
Hell: Depths:1 Depths:2 Depths:3 Depths:4
Abyss: Depths:1 Depths:2 Depths:3 Depths:4
Pandemonium: Depths:1 Depths:2
Ziggurat: Depths:3

Annotations:
D:9 6 transporters, 1 runed translucent door, SirDiesAlot's ghost, journeyman TeRe
Snake:4 exclusion: door
Elf:2 3 runed translucent doors
Depths:3 2 transporters, Bysat's ghost, adept DgFi
Zot:3 1 transporter

....###.......# #...# #.....#
#...# #.......# #...# #.....#
#...# #...#...# #...# ####..#
#...# #...#...# #...# ###..#
#...# #...#...# #...# #....#
#...# #...#...# #...#####....#
....# #...#...#######....)[[....#
[..)#######..p##...##....[.[....#
.............pp&@§........)......
..............2.p................
...########(.p#######...#######..
#### ####..y# #.....# #).
#...X.p# #.....#######.) #..D...#
#............)) #......##
###...........) ###.....#
#............ ###....#
#####...####.


You could see Quossuri (berserk), 5 Killer Klowns and a shadow demon.


Message History

The Killer Klown attacks as you move away!
You block the Killer Klown's attack.
The Killer Klown shouts! x3
As you read the scroll of teleportation {@r4}, it crumbles to dust.
You feel strangely unstable.
You feel the Orb delaying your translocation!
The Killer Klown misses you. You block the Hell Sentinel's attack.
The Hell Sentinel completely misses you.
Unknown command.
You completely miss the Hell Sentinel.
The Killer Klown blinks!
You block the Killer Klown's attack. The Killer Klown barely misses you.
Unknown command.
You barely miss the Hell Sentinel.
You block the Hell Sentinel's attack. x2
The moth of wrath goads the quicksilver dragon on!
The quicksilver dragon goes berserk!
The Killer Klown tickles you with a +8 club of flaming!!
The Killer Klown burns you.
The Killer Klown blinks! x3
The Killer Klown shouts!
You hit the Hell Sentinel but do no damage.
The Hell Sentinel closely misses you.
The Hell Sentinel completely misses you.
Unknown command.
You puncture the Hell Sentinel!
The Killer Klown blinks!
The Killer Klown pies you viciously! The klown pie misses you.
Unknown command.
You barely miss the Hell Sentinel.
The quicksilver dragon barely misses you.
The quicksilver dragon completely misses you.
The Killer Klown completely misses you.
The Killer Klown slaps you with a +8 club of flaming!!
The Killer Klown burns you.
The Killer Klown blinks!
You block the Hell Sentinel's attack.
The Hell Sentinel completely misses you.
Unknown command.
You hit the Hell Sentinel but do no damage.
The quicksilver dragon bites you!!
You block the quicksilver dragon's attack.
The Killer Klown headlocks you but does no damage.
You block the Killer Klown's attack. The Killer Klown completely misses you.
Quossuri comes into view. It is armed with a draining touch.
You hit the quicksilver dragon.
The quicksilver dragon convulses!
You block the quicksilver dragon's attack.
The quicksilver dragon misses you. You block the Hell Sentinel's attack.
The Hell Sentinel completely misses you.
The quicksilver dragon bites you but does no damage.
The quicksilver dragon claws you!
Unknown command.
You puncture the quicksilver dragon!
The quicksilver dragon convulses!
You block the Killer Klown's attack. x2
You block the quicksilver dragon's attack. x2
The Killer Klown teases you with a +8 club of flaming.
The moth of wrath goads Quossuri on!
Quossuri goes berserk!
The Hell Sentinel misses you.
The Hell Sentinel completely misses you.
The shadow demon hits you!
* * * LOW HITPOINT WARNING * * *
Uskayaw will force your foes to helplessly watch your dance.
Uskayaw prepares the audience for your solo!
The helpless quicksilver dragon fails to defend itself.
You stick the quicksilver dragon like a pincushion!!!
The quicksilver dragon convulses!!!
You kill the quicksilver dragon!
The quicksilver dragon's corpse dissolves into shadows!
Quossuri is no longer paralysed.
Unknown command.
The helpless Hell Sentinel fails to defend itself.
You spit the Hell Sentinel like a pig!!!
You kill the Hell Sentinel!
Quossuri rages.
Quossuri hits you!!!
You feel threatened and lose the ability to drink potions!
* * * LOW HITPOINT WARNING * * *
You partially resist.
You feel drained.
* * * LOW HITPOINT WARNING * * *
Unknown command.
Okay, then.
Unknown command.
You cannot drink potions in your current state!
Unknown command.
Unknown command.
You cannot drink potions in your current state!
Unknown command.
Unknown command.
You rampage towards the Killer Klown!
Quossuri attacks as you move away! You block Quossuri's attack.
The Killer Klown is no longer paralysed. x3
Quossuri closely misses you.
The Killer Klown blinks!
A large abomination comes into view.
Unknown command.
Unknown command.
The shadow demon is no longer paralysed.
The Killer Klown is no longer paralysed.
The Killer Klown blinks!
Quossuri hits you!!
* * * LOW HITPOINT WARNING * * *
You partially resist.
You feel drained.
You die...

Skill      XL: |  1  2  3  4  5  6  7  8  9 10 11 12 13 14 15 16 17 18 19 20 21 22 23 24 25 26 27 |
---------------+----------------------------------------------------------------------------------+-----
Short Blades   | 5 6 7 8 10 | 10.0
Stealth        | 2 4 6 11 13 16 22 23 24 27 | 27.0
Fighting       | 4 7 8 10 12 14 15 17 22 | 22.3
Dodging        | 5 7 8 10 11 12 13 16 18 19 21 22 26 27 | 27.0
Invocations    | 2 8 10 11 12 14 15 16 18 24 | 24.6
Armour         | 3 6 7 8 10 12 18 | 18.3
Shields        | 3 6 7 11 15 17 18 19 | 19.0
Polearms       | 6 11 12 | 12.0
Throwing       | |  2.1

Action                   |  1- 3 |  4- 6 |  7- 9 | 10-12 | 13-15 | 16-18 | 19-21 | 22-24 | 25-27 || total
-------------------------+-------+-------+-------+-------+-------+-------+-------+-------+-------++-------
Melee: Rapier            |    90 |    55 |       |       |       |       |       |       |       ||   145
       Punch             |     1 |       |       |       |       |       |       |       |       ||     1
       Dagger            |       |    87 |   356 |   430 |   698 |   831 |   104 |   108 |    13 ||  2627
       Lance             |       |       |       |       |       |   292 |  1207 |  1593 |  3380 ||  6472
Throw: Boomerang         |     4 |     4 |     1 |       |       |       |       |       |       ||     9
Invok: Line Pass         |       |       |       |     9 |    17 |    27 |     7 |    11 |    19 ||    90
       Grand Finale      |       |       |       |     1 |     1 |     2 |     9 |    11 |    15 ||    39
       Stomp             |       |       |       |       |     2 |     2 |       |     1 |       ||     5
  Use: Potion            |       |     3 |     2 |     5 |     1 |     3 |     2 |     4 |     6 ||    26
       Scroll            |       |     6 |    14 |     8 |     8 |     9 |     2 |    11 |    19 ||    77
 Stab: Sleeping          |     8 |    10 |    25 |    46 |    86 |   120 |    85 |    89 |    90 ||   559
       Distracted        |     1 |     2 |     2 |     5 |     3 |    16 |    18 |    20 |    43 ||   110
       Invisible         |       |       |     1 |     2 |       |       |       |       |       ||     3
       Paralysed         |       |       |       |    24 |    62 |    95 |   140 |   196 |   396 ||   913
       Confused          |       |       |       |     5 |    10 |    33 |     9 |    11 |    31 ||    99
       Petrified         |       |       |       |       |     1 |       |       |     1 |       ||     2
       Fleeing           |       |       |       |       |       |       |     1 |       |       ||     1
Armor: Leather armour    |    13 |     2 |       |       |       |       |       |       |       ||    15
       Robe              |       |    12 |    12 |       |       |       |       |       |       ||    24
       Ring mail         |       |       |    32 |    32 |    44 |       |       |       |       ||   108
       Scale mail        |       |       |       |       |     4 |   107 |   128 |    90 |   222 ||   551
Dodge: Dodged            |    36 |    65 |   185 |   260 |   364 |   695 |   662 |   677 |  1486 ||  4430
Block: Buckler           |    12 |    28 |    75 |    81 |   120 |   388 |   298 |       |       ||  1002
       Kite shield       |       |       |       |       |       |       |    49 |   827 |  1871 ||  2747

Levels and vault maps discovered:
D:1:      dpeg_arrival_central, layout_loops_ring,
          shapermc_ecumenical_altar_mp_vishouse, kennysheep_flooded_box
D:2:      layout_basic
D:3:      layout_basic, elyvilon_altar_1, serial_curves, eino_curves_01,
          eino_curves_04, eino_curves_04, serial_shops,
          nicolae_shop_temple_entry_statues_fountains, nicolae_shop_waterfront,
          shop, nicolae_diamond_shop, shop, minmay_misc_feat_roman,
          minmay_misc_feat_cross
D:4:      layout_basic, nicolae_tso_besieged_by_evil, kennysheep_cluttered_room,
          nicolae_figureground_sparkle
D:5:      layout_basic
D:6:      layout_layer_cave, nicolae_dithmenos_through_a_glass_darkly,
          kennysheep_little_box, chequers_hall_statues_wall_a
D:7:      nzn_winding_woodlands_medium [nzn_winding_woodlands_5x5_open_star,
          nzn_winding_woodlands_5x15_lazy_stream,
          nzn_winding_woodlands_5x5_closed_star,
          nzn_winding_woodlands_5x5_perimeter,
          nzn_winding_woodlands_center_pierced_h,
          nzn_winding_woodlands_5x5_cross, nzn_winding_woodlands_hourglass,
          nzn_winding_woodlands_5x15_split_checker,
          nzn_winding_woodlands_5x5_default], layout_cave_pools, temple_statues,
          nicolae_zen_rock_garden
D:8:      layout_loops_corners, serial_shops, nicolae_shop_hallway_plus,
          uniq_psyche
D:9:      layout_layer_cave, ashenzari_altar_1, gammafunk_temple_overflow_pools,
          minmay_lair_entry_grove, ebering_ghost_funeral_grove,
          serial_nicolae_subway, nicolae_sub_station_stone,
          nicolae_sub_station_crystal, nicolae_sub_station_metal
D:10:     nicolae_cairo_tiling, layout_long_grid
D:11:     layout_roguey, david_orc_5, chequers_serial_rivers_micro_c
D:12:     layout_irregular_city, serial_shops, bzr_entry_islet
D:13:     layout_long_grid, erik_vaults_2
D:14:     layout_loops_ring, bh_walls_and_bars, corexii_hall_statues_s,
          drop_trap, uniq_jorgrun
D:15:     hangedman_depths_entry_try_elsewhere_first, layout_stronghold,
          chequers_serial_rivers_small_3, chequers_serial_rivers_large_a,
          lemuel_flamethrower_3
Temple:   nicolae_temple_bog_church
Lair:1:   layout_roguey, basic_altar
Lair:2:   beast_lair_carwin_large_3, layout_long_grid,
          guppyfry_snake_entry_garden, grunt_megastairs_1, serial_bayou_shore_b,
          uniq_urug
Lair:3:   layout_cave_shapes, skrybe_swamp_entry_bodies
Lair:4:   layout_loops_ring, slime_entry_1, wad_woods_river_01
Lair:5:   evilmike_catoblepas_cave, layout_regular_city,
          kennysheep_abandoned_house, serial_bayou_shore_a
Swamp:1:  layout_basic_swamp, nicolae_swamp_big_swirl, swamp_pool2,
          infiniplex_staircase_pool_2
Swamp:2:  layout_falls_marsh, hangedman_swamp_pad
Swamp:3:  layout_basic_swamp, serial_swamp_ruin, evilmike_swamp_ruin_house_1,
          evilmike_swamp_ruin_house_4, hangedman_swamp_ruin_wall, swamp_pool3,
          nicolae_swamp_rocky_clearing
Swamp:4:  swamp_alternative, layout_basic_swamp, uniq_louise
Snake:1:  layout_rooms, basic_altar, portal_ice_cave_entry_pillars_four
Snake:2:  layout_onion, serial_shops, nicolae_shop_bloodbath_and_beyond,
          serial_bayou_shore_b, minmay_shop_grove, grunt_megastairs_4
Snake:3:  layout_onion, nrook_loot_triangle, grunt_megastairs_5
Snake:4:  grunt_snake_rune_serpentine_throne, layout_basic, grunt_megastairs_2
Orc:1:    nicolae_orc_accident_3, layout_diamond_mine, ebering_ghost_xom,
          serial_shops, shop, basic_altar
Orc:2:    st_orc_ogre_mass, layout_diamond_mine, gammafunk_ghost_grave,
          serial_shops, nicolae_shop_hallway_plus, shop, nicolae_diamond_shop,
          kennysheep_orc_chapel
Elf:1:    layout_loops_cross, serial_shops, nicolae_shop_hallway_stairs,
          hangedman_elf_disciples, evilmike_minifort
Elf:2:    nicolae_elf_blades_splatter_lattice
          [nicolae_blade_entry_sentries_behind_glass], layout_onion_city,
          minmay_shop_star
Elf:3:    elf_hall, layout_loops_cross, serial_shops,
          nicolae_shop_overgrown_old_shop
Vaults:1: v_misc_3, ontoclasm_vaults_ring_large, hangedman_vaults_corner_blocks,
          hangedman_vaults_trim, nicolae_vaults_little_squares_4,
          nicolae_vaults_big_angled_halls, hangedman_vaults_impose,
          vaults_room_grunt_arrival_ludios, hangedman_vaults_cutoff,
          vaults_room_door_hall, ontoclasm_vaults_loading_screen, v_misc_5,
          layout_vaults_big_room
Vaults:2: minmay_crypt_entry_simple_plaza, v_alt_pattern_4, vaults_room_pool,
          v_pattern_4, nicolae_vaults_yaktaur_gun_rack, vaults_room_corners,
          nicolae_vaults_angled_halls, nicolae_vaults_mini_display_case,
          vaults_mumra_chevron_long, nicolae_vaults_bisected_slash, st_lattice,
          hangedman_vaults_stretched_pinwheel, dpeg_vaults_monster_row,
          hangedman_vaults_stagger, layout_vaults_omnibox, serial_shops,
          nicolae_shop_waterfront, uniq_sojobo
Vaults:3: v_rooms_1, st_octagons_1, hangedman_vaults_capsules,
          grunt_vaults_focal, v_alt_pattern_5, grunt_vaults_hallway_long,
          ontoclasm_vaults_eye, nicolae_vaults_twisting_passages,
          vaults_dpeg_diagonal, nicolae_vaults_little_squares_2,
          hangedman_vaults_stretched_pinwheel, layout_vaults_big_cross,
          uniq_mennas
Vaults:4: v_rooms_5, kb_rosetta, nicolae_vaults_little_squares_5,
          vaults_room_corners, hangedman_vaults_maws,
          vaults_room_stairs_pillars, v_misc_31, vaults_room_door_hall,
          v_misc_33, v_misc_13, layout_vaults_omnigrid, uniq_mara,
          uniq_bai_suzhen, uniq_jory
Vaults:5: uniq_frederick
Crypt:1:  layout_chaotic_city, nzn_life_drinkers,
          grunt_crypt_arrival_guarded_gate, roderic_lattice_octagonal_star,
          uniq_xtahua
Crypt:2:  layout_chaotic_city, st_stairs_8
Crypt:3:  quadcrypt_mu, uniq_grunn
Depths:1: layout_cave_shapes, grunt_pan_entry_zigzag, abyss_entry_glasseish,
          minmay_misc_feat_rows, hellmouth_3, minmay_misc_feat_rugged,
          kennysheep_donut, hex_medium, kennysheep_generic_room_9
Depths:2: giant_chief_lemuel, layout_twisted_cross, rand_demon_pan_entry_9,
          hell_entry, kiku_gazebo_garden_becter, abyss_entry,
          infiniplex_staircase_pillars_2
Depths:3: hellmonk_destroyed_diamonds, layout_cave_pools, enter_ziggurat_a,
          abyss_entry_crystal, gammafunk_ghost_wrathful_warriors, hell_entry,
          chequers_hall_statues_wall_a, nicolae_specific_store, uniq_margery
Depths:4: grunt_zot_entry_hairpin, layout_honeycomb, grunt_metal_band,
          abyss_entry, nicolae_shop_sticking_my_neck_out,
          infiniplex_staircase_pool_lava
Zot:1:    gammafunk_mikee_crab_dinner, layout_misc_corridors, drop_trap
Zot:2:    layout_misc_corridors, nzn_random_ring, lemuel_elevator
Zot:3:    gammafunk_sealed_library, layout_onion_interference, basic_altar
Zot:4:    nicolae_zot_draconian_monastery, layout_onion, grunt_megastairs_3
Zot:5:    layout_basic, grunt_ministairs_10, bh_zot_ikea_curve

Notes
Turn   | Place    | Note
-------+----------+-------------------------------------------
     0 | D:1      | Sobieck the Kobold Gladiator began the quest for the Orb.
     0 | D:1      | Reached XP level 1. HP: 12/12 MP: 1/1
   320 | D:1      | Found a faded altar of an unknown god.
   381 | D:1      | Reached XP level 2. HP: 17/17 MP: 2/2
   948 | D:2      | Reached skill level 5 in Short Blades
  1105 | D:2      | Reached XP level 3. HP: 17/21 MP: 3/3
  1446 | D:2      | Reached skill level 6 in Short Blades
  1446 | D:2      | Reached XP level 4. HP: 22/26 MP: 4/4
  1960 | D:3      | Identified the +1 robe of Whack-A-Mole {rF+}
  2059 | D:2      | HP: 5/21 [gnoll/+2 flail of draining (6)]
  2261 | D:2      | Reached skill level 7 in Short Blades
  2261 | D:2      | Reached skill level 2 in Stealth
  2261 | D:2      | Reached XP level 5. HP: 14/27 MP: 5/5
  2391 | D:3      | Found Xiasamurij's Antique Weapon Emporium.
  2399 | D:3      | Bought a runed dagger for 95 gold pieces
  2435 | D:3      | Found Optuusm's Distillery.
  2488 | D:3      | Found Fumeshrero's Antique Armour Shop.
  2509 | D:2      | Reached skill level 3 in Stealth
  2682 | D:3      | Found Patrev's Jewellery Shop.
  2799 | D:3      | Found a white marble altar of Elyvilon.
  2877 | D:3      | Found Ewezxa Lera's Assorted Antiques.
  2982 | D:3      | Bought a potion of degeneration for 10 gold pieces
  3125 | D:3      | Bought a scroll labelled DIDIVAFOAWN for 23 gold pieces
  3331 | D:3      | Reached skill level 4 in Stealth
  3709 | D:4      | Reached XP level 6. HP: 34/35 MP: 6/6
  3717 | D:4      | Reached skill level 5 in Stealth
  4082 | D:4      | Reached skill level 6 in Stealth
  4276 | D:4      | You fall into a shaft and drop 2 floors!
  4458 | D:6      | Noticed a water moccasin
  4467 | D:6      | Killed a water moccasin
  4468 | D:6      | Reached skill level 3 in Fighting
  4468 | D:6      | Reached skill level 4 in Fighting
  4468 | D:6      | Reached XP level 7. HP: 43/43 MP: 7/7
  4503 | D:5      | Entered Level 5 of the Dungeon
  4503 | D:5      | Noticed a water moccasin
  4533 | D:6      | Reached skill level 4 in Dodging
  4714 | D:4      | Identified the +1 ring mail of the Snake Pit {Dex+3 Slay+2}
  5156 | D:4      | Found a glowing golden altar of the Shining One.
  5178 | D:4      | Reached skill level 8 in Short Blades
  5178 | D:4      | Reached skill level 5 in Dodging
  5297 | D:4      | You add the spells Vhi's Electric Charge, Arcjolt and
                  | Maxwell's Capacitive Coupling to your library.
  5309 | D:4      | Reached XP level 8. HP: 48/48 MP: 8/8
  5514 | D:3      | Bought a scroll labelled TURAIF ZIABOFUTS for 23 gold
                  | pieces
  5542 | D:5      | Acquired 644 gold pieces
  5579 | D:3      | Bought a potion of mutation for 80 gold pieces
  5579 | D:3      | Bought a potion of haste for 100 gold pieces
  5636 | D:3      | Bought a brown potion for 20 gold pieces
  5636 | D:3      | Bought a scroll of enchant armour for 172 gold pieces
  5696 | D:3      | Bought a cloak for 108 gold pieces
  5721 | D:3      | Bought 2 potions of lignification for 60 gold pieces
  5721 | D:3      | Bought a potion of might for 40 gold pieces
  5820 | D:5      | You add the spells Sting, Poisonous Vapours and Olgreb's
                  | Toxic Radiance to your library.
  5959 | D:5      | Reached skill level 6 in Dodging
  6124 | D:3      | Bought a potion of resistance for 100 gold pieces
  6223 | D:5      | Reached skill level 9 in Short Blades
  6295 | D:5      | Identified the +3 leather armour of Absence {+Inv Int+6
                  | Dex-5}
  6452 | D:5      | Reached skill level 7 in Dodging
  6773 | D:6      | Reached skill level 10 in Short Blades
  6876 | D:6      | Reached XP level 9. HP: 52/52 MP: 9/9
  7041 | D:6      | Found a shadowy altar of Dithmenos.
  7367 | D:6      | Reached skill level 7 in Stealth
  7394 | D:6      | Reached skill level 5 in Fighting
  7699 | D:6      | You pick up a book of Dreams and begin reading...
  7699 | D:6      | You add the spells Ensorcelled Hibernation, Spider Form and
                  | Anguish to your library.
  7815 | D:6      | Found a sacrificial altar of Ru.
  7898 | D:6      | You pick up a book of Storms and begin reading...
  7898 | D:6      | You add the spells Airstrike, Summon Lightning Spire and
                  | Lightning Bolt to your library.
  8069 | D:7      | Noticed a hornet
  8077 | D:7      | Killed a hornet
  8090 | D:7      | Reached skill level 8 in Stealth
  8206 | D:7      | Reached skill level 6 in Fighting
  8737 | D:7      | Noticed a troll
  8742 | D:7      | Reached skill level 9 in Stealth
  8920 | D:7      | Killed a troll
  8921 | D:7      | Reached skill level 7 in Fighting
  8921 | D:7      | Reached skill level 10 in Stealth
  8933 | D:7      | Noticed a deep elf pyromancer
  8944 | D:7      | Killed a deep elf pyromancer
  8945 | D:7      | Reached skill level 8 in Dodging
  8945 | D:7      | Reached skill level 11 in Stealth
  8945 | D:7      | Reached XP level 10. HP: 49/63 MP: 10/10
  9068 | D:7      | You pick up a book of Touch and begin reading...
  9068 | D:7      | You add the spells Kiss of Death, Confusing Touch and
                  | Dispel Undead to your library.
  9173 | D:7      | Reached skill level 9 in Dodging
  9177 | D:7      | Reached skill level 12 in Stealth
  9419 | D:7      | Noticed a satyr
  9444 | D:7      | Killed a satyr
  9675 | D:7      | Found a staircase to the Ecumenical Temple.
  9681 | Temple   | Entered the Ecumenical Temple
  9703 | Temple   | Became a worshipper of Uskayaw the Reveller
  9863 | D:8      | Reached * piety under Uskayaw
  9965 | D:8      | Found Mipuw's Assorted Antiques.
  9976 | D:8      | Bought a fizzy red potion for 26 gold pieces
  9976 | D:8      | Bought a scroll of identify for 58 gold pieces
  9976 | D:8      | Bought a scroll labelled UMIYFUFYMO for 29 gold pieces
 10062 | D:8      | Reached ** piety under Uskayaw
 10067 | D:8      | Reached *** piety under Uskayaw
 10068 | D:8      | Reached skill level 10 in Dodging
 10189 | D:8      | Noticed a two-headed ogre
 10193 | D:8      | Killed a two-headed ogre
 10194 | D:8      | Reached skill level 13 in Stealth
 10194 | D:8      | Reached skill level 2 in Invocations
 10194 | D:8      | Reached XP level 11. HP: 67/67 MP: 10/12
 10379 | D:8      | Noticed Psyche
 10383 | D:8      | Killed Psyche
 10405 | D:8      | Reached skill level 3 in Invocations
 10537 | D:8      | Acquired a manual of Stealth
 10599 | D:8      | Noticed a two-headed ogre
 10603 | D:8      | Killed a two-headed ogre
 10604 | D:8      | Reached skill level 14 in Stealth
 10994 | D:9      | Found a transporter.
 10995 | D:9      | Found a transporter.
 11010 | D:9      | Reached skill level 4 in Invocations
 11012 | D:9      | Reached skill level 11 in Dodging
 11013 | D:9      | Reached **** piety under Uskayaw
 11014 | D:9      | Reached ***** piety under Uskayaw
 11105 | D:9      | Found a transporter.
 11173 | D:9      | Found a staircase to the Lair.
 11188 | D:9      | Reached skill level 15 in Stealth
 11192 | D:9      | Reached skill level 5 in Invocations
 11251 | D:9      | Reached ****** piety under Uskayaw
 11253 | D:9      | Reached skill level 16 in Stealth
 11253 | D:9      | Reached skill level 6 in Invocations
 11274 | D:9      | Identified the +1 helmet of Brilliance {+Inv Will+ Regen+}
 11460 | D:9      | Found a stormy altar of Qazlal.
 11460 | D:9      | Found a shimmering blue altar of Sif Muna.
 11751 | D:9      | Found a runed translucent door.
 11856 | D:9      | Found a transporter.
 11882 | D:9      | Found a broken altar of Ashenzari.
 11943 | D:9      | Found a transporter.
 11949 | D:9      | Found a transporter.
 12075 | D:9      | You pick up a book of Conjurations {@e2} and begin
                  | reading...
 12075 | D:9      | You add the spells Magic Dart, Searing Ray and Fulminant
                  | Prism to your library.
 12655 | D:9      | Noticed SirDiesAlot's ghost (journeyman TeRe)
 12690 | D:10     | Entered Level 10 of the Dungeon
 12796 | D:10     | Reached skill level 7 in Invocations
 12963 | D:10     | Noticed a centaur warrior
 12969 | D:10     | Killed a centaur warrior
 12970 | D:10     | Reached skill level 8 in Invocations
 12970 | D:10     | Reached XP level 12. HP: 72/72 MP: 16/18
 13029 | D:10     | You pick up a book of Armaments and begin reading...
 13029 | D:10     | You add the spells Stone Arrow, Animate Armour and
                  | Lehudib's Crystal Spear to your library.
 13226 | D:10     | Noticed a two-headed ogre
 13230 | D:10     | Killed a two-headed ogre
 13231 | D:10     | Reached skill level 9 in Invocations
 13232 | D:10     | Identified the +1 pair of gloves of Rewn {Harm rC- rN+
                  | Will++}
 14030 | D:11     | Noticed a two-headed ogre
 14033 | D:11     | Killed a two-headed ogre
 14034 | D:11     | Reached skill level 10 in Invocations
 14160 | D:11     | Reached skill level 17 in Stealth
 14169 | D:11     | Found a staircase to the Orcish Mines.
 14172 | D:11     | Identified the ring of Emod Jam {rN+ Int+4 Slay+4 Stlth+}
 14362 | D:11     | Noticed a boulder beetle
 14461 | Lair:1   | Entered Level 1 of the Lair of Beasts
 14461 | Lair:1   | Noticed a death yak
 14461 | Lair:1   | Noticed a death yak
 14461 | Lair:1   | Noticed a death yak
 14462 | Lair:1   | Noticed a death yak
 14488 | D:9      | Killed a death yak
 14489 | D:9      | Reached skill level 18 in Stealth
 14489 | D:9      | Killed a death yak
 14490 | D:9      | Killed a death yak
 14491 | D:9      | Reached skill level 19 in Stealth
 14540 | Lair:1   | Killed a death yak
 14635 | Lair:1   | Noticed a catoblepas
 14644 | Lair:1   | Killed a catoblepas
 14645 | Lair:1   | Reached skill level 20 in Stealth
 14929 | Lair:1   | Noticed a catoblepas
 14940 | Lair:1   | Killed a catoblepas
 14941 | Lair:1   | Reached skill level 21 in Stealth
 15116 | Lair:1   | Reached skill level 22 in Stealth
 15118 | Lair:1   | Reached XP level 13. HP: 69/76 MP: 20/20
 15390 | Lair:1   | Found a stormy altar of Qazlal.
 15721 | Lair:2   | Reached skill level 23 in Stealth
 15826 | Lair:2   | Reached skill level 1 in Armour
 15826 | Lair:2   | Reached skill level 1 in Shields
 15939 | Lair:2   | Noticed an eight-headed hydra
 15943 | Lair:2   | Killed an eight-headed hydra
 15979 | Lair:2   | Found a staircase to the Snake Pit.
 15990 | Lair:2   | Reached skill level 2 in Armour
 15990 | Lair:2   | Reached skill level 2 in Shields
 16056 | Lair:2   | Reached skill level 8 in Fighting
 16174 | Lair:2   | Noticed a five-headed hydra
 16176 | Lair:2   | Killed a five-headed hydra
 16179 | Lair:2   | Reached skill level 3 in Shields
 16234 | Lair:2   | Noticed an eight-headed hydra
 16238 | Lair:2   | Killed an eight-headed hydra
 16239 | Lair:2   | Reached skill level 3 in Armour
 16253 | Lair:2   | Reached skill level 12 in Dodging
 16300 | Lair:2   | You pick up a book of Spatial Translocations and begin
                  | reading...
 16300 | Lair:2   | You add the spells Blink, Momentum Strike and Lesser
                  | Beckoning to your library.
 16874 | Lair:3   | Found a staircase to the Swamp.
 16997 | Lair:3   | Reached XP level 14. HP: 84/84 MP: 21/21
 17474 | Lair:4   | Reached skill level 4 in Armour
 17478 | Lair:4   | Reached skill level 4 in Shields
 17487 | Lair:4   | Reached skill level 9 in Fighting
 17621 | Lair:4   | Found a staircase to the Slime Pits.
 17622 | Lair:4   | Found a viscous altar of Jiyva.
 17627 | Lair:4   | You pick up a book of Touch and begin reading...
 17852 | Lair:4   | Reached skill level 13 in Dodging
 17854 | Lair:4   | Reached skill level 5 in Armour
 17854 | Lair:4   | Reached skill level 5 in Shields
 18427 | Lair:5   | Entered Level 5 of the Lair of Beasts
 18620 | Lair:5   | Reached skill level 10 in Fighting
 18631 | Lair:5   | You pick up a book of Frost and begin reading...
 18631 | Lair:5   | You add the spells Freeze, Frozen Ramparts and Hailstorm to
                  | your library.
 19009 | Lair:5   | Reached skill level 6 in Armour
 19011 | Lair:5   | Reached skill level 6 in Shields
 19019 | Lair:5   | Reached XP level 15. HP: 75/92 MP: 22/22
 19031 | Lair:5   | Reached skill level 14 in Dodging
 19304 | Lair:5   | You pick up a book of Spatial Translocations and begin
                  | reading...
 19425 | Lair:5   | Reached skill level 7 in Shields
 19728 | Lair:5   | Reached skill level 11 in Fighting
 20421 | D:11     | Reached skill level 15 in Dodging
 20685 | D:12     | Found a gateway to a bazaar.
 20696 | Bazaar   | Entered a bazaar
 20702 | Bazaar   | Found Banach's Jewellery Boutique.
 20710 | Bazaar   | Found Faqaid's General Store.
 20726 | Bazaar   | Found Ukoge's General Store.
 20734 | Bazaar   | Found Kiudupit's Weapon Boutique.
 20746 | Bazaar   | Found Vuwnog's Armour Emporium.
 20751 | Bazaar   | Bought the +1 scale mail "Oghyg" {Rampage Str+5 Dex+5} for
                  | 592 gold pieces
 21961 | D:13     | Reached skill level 12 in Fighting
 22286 | D:13     | Found a gate to the Vaults.
 22309 | D:13     | You pick up a book of Frost and begin reading...
 22326 | D:13     | You pick up a book of Cantrips and begin reading...
 22326 | D:13     | You add the spells Necrotise, Summon Small Mammal and
                  | Apportation to your library.
 22447 | D:13     | You pick up a book of Geomancy and begin reading...
 22447 | D:13     | You add the spells Sandblast and Passwall to your library.
 22530 | D:13     | HP: 20/96 [poisoned by a green ugly thing]
 22535 | D:13     | HP: 9/96 [poisoned by a green ugly thing]
 22540 | D:13     | HP: 9/96 [poisoned by a green ugly thing]
 22945 | D:14     | Reached skill level 16 in Dodging
 23183 | D:14     | Reached XP level 16. HP: 103/103 MP: 23/23
 23228 | D:14     | Noticed Jorgrun
 23232 | D:14     | Killed Jorgrun
 23587 | D:15     | Entered Level 15 of the Dungeon
 23806 | D:15     | Reached skill level 13 in Fighting
 24065 | D:15     | Found a staircase to the Depths.
 24656 | D:15     | Upgraded the game from 0.30-a0-218-gedb9141078 to
                  | 0.30-a0-219-gf2db51d15e
 24763 | Orc:1    | Entered Level 1 of the Orcish Mines
 25051 | Orc:1    | Reached skill level 17 in Dodging
 25244 | Orc:1    | Found Joydeth's Antique Armour Shop.
 25457 | Orc:2    | Entered Level 2 of the Orcish Mines
 25612 | Orc:2    | Found Voyweeda's Jewellery Emporium.
 25617 | Orc:2    | Bought a +6 ring of dexterity for 396 gold pieces
 25803 | Orc:2    | Found Vuntail's General Store.
 25909 | Orc:2    | Found a staircase to the Elven Halls.
 25910 | Orc:2    | Found Micrann's Jewellery Emporium.
 26102 | Orc:2    | Found a runed translucent door.
 26103 | Orc:2    | Noticed Weirdisaac's ghost (journeyman DrFi)
 26124 | Orc:2    | Reached skill level 14 in Fighting
 26143 | Orc:2    | Reached skill level 18 in Dodging
 26274 | Orc:2    | Found Pytsaf's Assorted Antiques.
 26274 | Orc:2    | Found Pikeesue's Antique Weapon Boutique.
 26275 | Orc:2    | Found Kaufyfu's Distillery.
 26275 | Orc:2    | Found Yjyre's Antique Armour Boutique.
 26313 | Orc:2    | Paralysed by an ogre mage for 5 turns
 26532 | Orc:2    | Killed Weirdisaac's ghost
 26719 | Snake:1  | Entered Level 1 of the Snake Pit
 26823 | Snake:1  | Reached XP level 17. HP: 111/111 MP: 24/24
 26971 | Snake:1  | Found a white marble altar of Elyvilon.
 27132 | Snake:1  | You pick up a book of Ice and begin reading...
 27132 | Snake:1  | You add the spells Freezing Cloud, Simulacrum and Polar
                  | Vortex to your library.
 27275 | Snake:1  | Found a frozen archway.
 27698 | Snake:2  | Reached skill level 7 in Armour
 27820 | Snake:2  | Reached skill level 11 in Invocations
 27875 | Snake:2  | Found Ywymeare's Weapon Boutique.
 27953 | Snake:2  | You pick up a book of Dreams and begin reading...
 28187 | Snake:2  | Found Cotautov's Jewellery Shop.
 28187 | Snake:2  | Found Fyjudeimp's Jewellery Shop.
 28188 | Snake:2  | Found Zoroam's Book Shoppe.
 28379 | Snake:3  | Reached skill level 1 in Polearms
 28482 | Snake:3  | Reached skill level 2 in Polearms
 28514 | Snake:3  | HP: 22/112 [salamander/+0 trident (14)]
 28641 | Snake:3  | Reached skill level 3 in Polearms
 28707 | Snake:3  | Reached skill level 4 in Polearms
 28803 | Snake:2  | Bought the +8 lance "Wyrmbane" {slay drac, rPois rF+ rC+
                  | AC+3} for 969 gold pieces
 28803 | Snake:2  | Found the +8 lance "Wyrmbane" {slay drac, rPois rF+ rC+
                  | AC+3}
 29048 | Snake:3  | Reached skill level 5 in Polearms
 29437 | Snake:3  | Reached skill level 6 in Polearms
 29711 | Snake:4  | Entered Level 4 of the Snake Pit
 29828 | Snake:4  | Reached XP level 18. HP: 99/117 MP: 26/26
 29949 | Snake:4  | Reached skill level 7 in Polearms
 30163 | Snake:4  | Aim: a naga warrior, wielding a +0 long sword and wearing a
                  | +2 tower shield (heavily wounded, paralysed, about 2% to
                  | evade the +8 lance "Wyrmbane")
 30163 | Snake:4  | Aim: a naga warrior, wielding a +0 long sword and wearing a
                  | +2 tower shield (heavily wounded, paralysed, about 2% to
                  | evade the +8 lance "Wyrmbane")
 30164 | Snake:4  | Aim: a naga warrior, wielding a +0 long sword and wearing a
                  | +2 tower shield (almost dead, paralysed, sharing its pain,
                  | about 2% to evade the +8 lance "Wyrmbane")
 30164 | Snake:4  | Aim: a naga warrior, wielding a +0 long sword and wearing a
                  | +2 tower shield (almost dead, paralysed, sharing its pain,
                  | about 2% to evade the +8 lance "Wyrmbane")
 30165 | Snake:4  | Reached skill level 8 in Polearms
 30165 | Snake:4  | Aim: a naga, wielding a +2 trident of freezing and wearing
                  | a +0 robe (moderately wounded, sharing its pain, about 19%
                  | to evade the +8 lance "Wyrmbane")
 30165 | Snake:4  | Aim: a naga, wielding a +2 trident of freezing and wearing
                  | a +0 robe (moderately wounded, sharing its pain, about 19%
                  | to evade the +8 lance "Wyrmbane")
 30166 | Snake:4  | Aim: a naga, wielding a +2 trident of freezing and wearing
                  | a +0 robe (heavily wounded, sharing its pain, about 19% to
                  | evade the +8 lance "Wyrmbane")
 30166 | Snake:4  | Aim: a naga, wielding a +2 trident of freezing and wearing
                  | a +0 robe (heavily wounded, sharing its pain, about 19% to
                  | evade the +8 lance "Wyrmbane")
 30167 | Snake:4  | Aim: a naga, wielding a +2 trident of freezing and wearing
                  | a +0 robe (heavily wounded, sharing its pain, about 19% to
                  | evade the +8 lance "Wyrmbane")
 30167 | Snake:4  | Aim: a naga, wielding a +2 trident of freezing and wearing
                  | a +0 robe (heavily wounded, sharing its pain, about 19% to
                  | evade the +8 lance "Wyrmbane")
 30168 | Snake:4  | Aim: a naga, wielding a +2 trident of freezing and wearing
                  | a +0 robe (heavily wounded, sharing its pain, about 19% to
                  | evade the +8 lance "Wyrmbane")
 30168 | Snake:4  | Aim: a naga, wielding a +2 trident of freezing and wearing
                  | a +0 robe (heavily wounded, sharing its pain, about 19% to
                  | evade the +8 lance "Wyrmbane")
 30169 | Snake:4  | Aim: a naga, wielding a +2 trident of freezing and wearing
                  | a +0 robe (heavily wounded, sharing its pain, about 19% to
                  | evade the +8 lance "Wyrmbane")
 30169 | Snake:4  | Aim: a naga, wielding a +2 trident of freezing and wearing
                  | a +0 robe (heavily wounded, sharing its pain, about 19% to
                  | evade the +8 lance "Wyrmbane")
 30660 | Snake:4  | Reached skill level 9 in Polearms
 30913 | Snake:4  | Reached skill level 10 in Polearms
 31140 | Snake:4  | You pick up a book of Flames and begin reading...
 31140 | Snake:4  | You add the spells Inner Flame, Sticky Flame and Flame Wave
                  | to your library.
 31155 | Snake:4  | Got a serpentine rune of Zot
 31180 | Snake:4  | Reached skill level 11 in Polearms
 31379 | Snake:2  | Bought a ring of flight for 192 gold pieces
 31477 | Swamp:1  | Entered Level 1 of the Swamp
 31755 | Swamp:1  | Reached XP level 19. HP: 115/122 MP: 27/27
 32239 | Swamp:2  | Reached skill level 12 in Polearms
 32618 | Swamp:2  | You pick up a book of the Wilderness and begin reading...
 32618 | Swamp:2  | You add the spells Summon Forest, Summon Mana Viper and
                  | Summon Cactus Giant to your library.
 32941 | Swamp:3  | Reached skill level 15 in Fighting
 33028 | Swamp:3  | Reached skill level 24 in Stealth
 33113 | Swamp:3  | Reached skill level 19 in Dodging
 33470 | Swamp:3  | Reached skill level 8 in Armour
 33585 | Swamp:3  | You pick up a book of the Spheres and begin reading...
 33585 | Swamp:3  | You add the spells Iskenderun's Battlesphere, Fireball,
                  | Conjure Ball Lightning and Orb of Destruction to your
                  | library.
 33648 | Swamp:4  | Entered Level 4 of the Swamp
 33699 | Swamp:4  | Noticed Louise
 33701 | Swamp:4  | Reached skill level 12 in Invocations
 33703 | Swamp:4  | Killed Louise
 33894 | Swamp:4  | Could not pick up a +0 eveningstar of draining {macerare=g}
                  | here; ([A]lways) ignore it?
 33985 | Swamp:4  | Got a decaying rune of Zot
 34278 | Swamp:4  | Reached XP level 20. HP: 120/129 MP: 29/29
 34569 | Lair:2   | Noticed Urug
 34582 | Lair:2   | Killed Urug
 34744 | Vaults:1 | Entered Level 1 of the Vaults
 34942 | Vaults:1 | Reached skill level 9 in Armour
 34957 | Vaults:1 | Reached skill level 13 in Invocations
 35121 | Vaults:1 | Reached skill level 20 in Dodging
 35796 | Vaults:1 | You pick up a book of the Sky and begin reading...
 36260 | Vaults:2 | Noticed a golden dragon
 36266 | Vaults:2 | Killed a golden dragon
 36346 | Vaults:2 | Reached skill level 10 in Armour
 36346 | Vaults:2 | Reached skill level 14 in Invocations
 36454 | Vaults:2 | Found a staircase to the Crypt.
 36735 | Vaults:2 | Noticed Sojobo
 36738 | Vaults:2 | Killed Sojobo
 36739 | Vaults:2 | Reached skill level 21 in Dodging
 36841 | Vaults:2 | HP: 21/129 [orc knight/+2 war axe (22)]
 36849 | Vaults:2 | HP: 28/129 [centaur warrior (2)]
 36854 | Vaults:2 | Reached XP level 21. HP: 32/134 MP: 22/31
 36854 | Vaults:2 | Aim: an orc knight, wielding a +2 war axe and wearing a +0
                  | plate armour (moderately wounded, strong, paralysed, about
                  | 2% to evade the +10 lance "Wyrmbane")
 36854 | Vaults:2 | Aim: an orc knight, wielding a +2 war axe and wearing a +0
                  | plate armour (moderately wounded, strong, paralysed, about
                  | 2% to evade the +10 lance "Wyrmbane")
 37210 | Vaults:2 | Found Jasedo's Magic Scroll Emporium.
 37326 | Vaults:2 | Reached skill level 22 in Dodging
 37871 | Vaults:2 | Reached skill level 8 in Shields
 37983 | Vaults:3 | Noticed Mennas
 37996 | Vaults:3 | Killed Mennas
 38140 | Vaults:3 | Reached skill level 9 in Shields
 38468 | Vaults:3 | Reached skill level 10 in Shields
 38468 | Vaults:3 | Aim: a vault guard, wielding a +0 broad axe and wearing a
                  | +0 chain mail (lightly wounded, sheltered from injuries,
                  | sharing its pain, about 20% to evade the +10 lance
                  | "Wyrmbane")
 38468 | Vaults:3 | Aim: a vault guard, wielding a +0 broad axe and wearing a
                  | +0 chain mail (lightly wounded, sheltered from injuries,
                  | sharing its pain, about 20% to evade the +10 lance
                  | "Wyrmbane")
 38469 | Vaults:3 | Aim: a vault guard, wielding a +0 broad axe and wearing a
                  | +0 chain mail (lightly wounded, sheltered from injuries,
                  | sharing its pain, about 20% to evade the +10 lance
                  | "Wyrmbane")
 38469 | Vaults:3 | Aim: a vault guard, wielding a +0 broad axe and wearing a
                  | +0 chain mail (lightly wounded, sheltered from injuries,
                  | sharing its pain, about 20% to evade the +10 lance
                  | "Wyrmbane")
 38470 | Vaults:3 | Aim: a vault guard, wielding a +0 broad axe and wearing a
                  | +0 chain mail (moderately wounded, sheltered from injuries,
                  | sharing its pain, about 20% to evade the +10 lance
                  | "Wyrmbane")
 38470 | Vaults:3 | Aim: a vault guard, wielding a +0 broad axe and wearing a
                  | +0 chain mail (moderately wounded, sheltered from injuries,
                  | sharing its pain, about 20% to evade the +10 lance
                  | "Wyrmbane")
 38471 | Vaults:3 | Aim: a vault guard, wielding a +0 broad axe and wearing a
                  | +0 chain mail (almost dead, sheltered from injuries,
                  | sharing its pain, about 20% to evade the +10 lance
                  | "Wyrmbane")
 38471 | Vaults:3 | Aim: a vault guard, wielding a +0 broad axe and wearing a
                  | +0 chain mail (almost dead, sheltered from injuries,
                  | sharing its pain, about 20% to evade the +10 lance
                  | "Wyrmbane")
 38472 | Vaults:3 | Aim: a vault guard, wielding a +0 broad axe and wearing a
                  | +0 chain mail (almost dead, sheltered from injuries,
                  | sharing its pain, about 20% to evade the +10 lance
                  | "Wyrmbane")
 38472 | Vaults:3 | Aim: a vault guard, wielding a +0 broad axe and wearing a
                  | +0 chain mail (almost dead, sheltered from injuries,
                  | sharing its pain, about 20% to evade the +10 lance
                  | "Wyrmbane")
 38473 | Vaults:3 | Aim: an ironbound preserver, wielding a +0 dire flail and
                  | wearing a +0 ring mail (almost dead, sharing its pain,
                  | about 11% to evade the +10 lance "Wyrmbane")
 38473 | Vaults:3 | Aim: an ironbound preserver, wielding a +0 dire flail and
                  | wearing a +0 ring mail (almost dead, sharing its pain,
                  | about 11% to evade the +10 lance "Wyrmbane")
 38969 | Vaults:3 | You add the spells Kindle Blastsparks and Ignite Poison to
                  | your library.
 38987 | Vaults:3 | Reached skill level 11 in Shields
 39177 | Vaults:3 | Reached XP level 22. HP: 105/140 MP: 32/32
 39398 | Vaults:3 | Reached skill level 12 in Shields
 40362 | Vaults:4 | Reached skill level 13 in Shields
 40433 | Vaults:4 | Identified the +0 hat of Noon {rF- Will+ Int+2}
 40445 | Vaults:4 | Identified the +0 leather armour of Siafexiu {+Inv rC-
                  | Dex+3}
 40554 | Vaults:4 | HP: 30/140 [ironbound thunderhulk/+1 great mace of draining
                  | (7)]
 40572 | Vaults:3 | HP: 19/138 [orc knight/+0 great sword (33)]
 41046 | Vaults:4 | Noticed Mara
 41072 | Vaults:4 | Noticed Sobieck's illusion
 41095 | Vaults:4 | Killed Mara
 41307 | Vaults:4 | Noticed Jory
 41312 | Vaults:4 | Aim: Jory, wielding a +3 glaive of freezing and wearing a
                  | +0 plate armour (confused, about 12% to evade the +11 lance
                  | "Wyrmbane")
 41313 | Vaults:4 | Aim: Jory, wielding a +3 glaive of freezing and wearing a
                  | +0 plate armour (confused, about 12% to evade the +11 lance
                  | "Wyrmbane")
 41313 | Vaults:4 | Aim: Jory, wielding a +3 glaive of freezing and wearing a
                  | +0 plate armour (confused, about 12% to evade the +11 lance
                  | "Wyrmbane")
 41336 | Vaults:4 | Killed Jory
 41337 | Vaults:4 | Reached skill level 14 in Shields
 42208 | Vaults:4 | Noticed Bai Suzhen
 42212 | Vaults:4 | Killed Bai Suzhen
 42225 | Vaults:4 | Reached skill level 15 in Shields
 42301 | Vaults:4 | Reached XP level 23. HP: 144/144 MP: 33/33
 42672 | Vaults:4 | You pick up a book of Air and begin reading...
 42672 | Vaults:4 | You add the spells Shock and Swiftness to your library.
 43351 | Elf:1    | Entered Level 1 of the Elven Halls
 43424 | Elf:1    | Found Minokadgh's Magic Scroll Shop.
 43582 | Elf:1    | Reached skill level 16 in Shields
 44321 | Elf:1    | Identified the +5 mace "Miekhly" {flame, Will++ Str-5
                  | Int+5}
 44487 | Elf:1    | Identified the +6 scale mail of the Sun {rN+ Dex+3 Slay-4
                  | Stlth+}
 44916 | Depths:1 | Entered Level 1 of the Depths
 44938 | Depths:1 | Found a one-way gate to the infinite horrors of the Abyss.
 45242 | Depths:1 | Found a one-way gate leading to the halls of Pandemonium.
 45315 | Depths:1 | Reached skill level 17 in Shields
 45671 | Depths:1 | Found a gateway to Hell.
 45871 | Elf:1    | Bought a scroll of acquirement for 728 gold pieces
 45871 | Elf:1    | Acquired 750 gold pieces
 45873 | Elf:1    | Acquired 1250 gold pieces
 45928 | Orc:2    | Bought a warped leather armour for 224 gold pieces
 45928 | Orc:2    | Identified the +1 leather armour "Kaziufid" {Rampage rF-
                  | Int+5 SInv} (You bought it in a shop on level 2 of the
                  | Orcish Mines)
 45928 | Orc:2    | Bought a tiger eye-studded scale mail for 288 gold pieces
 45928 | Orc:2    | Identified the +0 scale mail "Acrupunamy" {rF+ Str+3} (You
                  | bought it in a shop on level 2 of the Orcish Mines)
 45928 | Orc:2    | Bought an ichor-stained leather armour for 224 gold pieces
 45928 | Orc:2    | Identified the +5 leather armour of Ithatz {Fly rC++ Int+8
                  | Dex-5} (You bought it in a shop on level 2 of the Orcish
                  | Mines)
 46146 | Snake:2  | Bought a manual of Dodging for 1360 gold pieces
 47101 | Depths:2 | Found an ancient bone altar of Kikubaaqudgha.
 47538 | Depths:2 | Reached skill level 15 in Invocations
 47539 | Depths:2 | Reached XP level 24. HP: 150/150 MP: 34/34
 47624 | Depths:2 | You pick up a book of Beasts and begin reading...
 47624 | Depths:2 | You add the spells Summon Ice Beast and Monstrous Menagerie
                  | to your library.
 47662 | Depths:2 | Reached skill level 23 in Dodging
 47929 | Depths:2 | Identified the +5 quarterstaff "Lifebane" {flame, *Rage
                  | rPois rF- Dex+9}
 47937 | Depths:2 | Identified the +7 hand axe of the Healing Augurer {pain,
                  | Contam rC++}
 47945 | Depths:2 | Noticed a juggernaut
 47955 | Depths:2 | Killed a juggernaut
 48004 | Depths:2 | Identified the +4 ring mail of Resilience {Contam rF+ rN+
                  | Str+2}
 48732 | Depths:3 | Noticed Margery
 48740 | Depths:3 | Killed Margery
 48773 | Depths:3 | Found a one-way gateway to a ziggurat.
 48787 | Depths:3 | Found Mooq's General Store.
 48788 | Depths:3 | Found Syracouch's Specific Store.
 48816 | Depths:3 | Reached skill level 24 in Dodging
 48895 | Depths:3 | Reached skill level 16 in Invocations
 48985 | Depths:3 | You pick up a book of Power and begin reading...
 48985 | Depths:3 | You add the spells Iron Shot and Spellforged Servitor to
                  | your library.
 49091 | Depths:3 | Found a transporter.
 49092 | Depths:3 | Found a transporter.
 49098 | Depths:3 | Noticed a juggernaut
 49120 | Depths:3 | Noticed Bysat's ghost (adept DgFi)
 49391 | Depths:4 | Entered Level 4 of the Depths
 49455 | Depths:4 | Found Ritiwuqafi's Neck Hole.
 49467 | Depths:4 | Noticed a golden dragon
 49472 | Depths:4 | Killed a golden dragon
 49472 | Depths:4 | Identified +0 gold dragon scales
 49473 | Depths:4 | Reached skill level 18 in Shields
 49475 | Depths:4 | F - +0 gold dragon scales {rare}
 50204 | Depths:4 | Reached skill level 25 in Dodging
 50387 | Depths:4 | Aim: a purple draconian, wielding a +0 glaive (about 17% to
                  | evade the +16 lance "Wyrmbane")
 50387 | Depths:4 | Aim: a purple draconian, wielding a +0 glaive (about 17% to
                  | evade the +16 lance "Wyrmbane")
 50388 | Depths:4 | Aim: a purple draconian, wielding a +0 glaive (heavily
                  | wounded, about 17% to evade the +16 lance "Wyrmbane")
 50388 | Depths:4 | Aim: a purple draconian, wielding a +0 glaive (heavily
                  | wounded, about 17% to evade the +16 lance "Wyrmbane")
 50389 | Depths:4 | Aim: a purple draconian, wielding a +0 glaive (heavily
                  | wounded, about 17% to evade the +16 lance "Wyrmbane")
 50389 | Depths:4 | Aim: a purple draconian, wielding a +0 glaive (heavily
                  | wounded, about 17% to evade the +16 lance "Wyrmbane")
 50390 | Depths:4 | Aim: a purple draconian, wielding a +0 glaive (heavily
                  | wounded, catching its breath, about 17% to evade the +16
                  | lance "Wyrmbane")
 50390 | Depths:4 | Aim: a purple draconian, wielding a +0 glaive (heavily
                  | wounded, catching its breath, about 17% to evade the +16
                  | lance "Wyrmbane")
 50391 | Depths:4 | Aim: a purple draconian, wielding a +0 glaive (heavily
                  | wounded, catching its breath, about 17% to evade the +16
                  | lance "Wyrmbane")
 50391 | Depths:4 | Aim: a purple draconian, wielding a +0 glaive (heavily
                  | wounded, catching its breath, about 17% to evade the +16
                  | lance "Wyrmbane")
 50392 | Depths:4 | Aim: a purple draconian, wielding a +0 glaive (severely
                  | wounded, about 17% to evade the +16 lance "Wyrmbane")
 50392 | Depths:4 | Aim: a purple draconian, wielding a +0 glaive (severely
                  | wounded, about 17% to evade the +16 lance "Wyrmbane")
 50393 | Depths:4 | Aim: a purple draconian, wielding a +0 glaive (almost dead,
                  | about 17% to evade the +16 lance "Wyrmbane")
 50393 | Depths:4 | Aim: a purple draconian, wielding a +0 glaive (almost dead,
                  | about 17% to evade the +16 lance "Wyrmbane")
 50570 | Depths:4 | Reached skill level 26 in Dodging
 50620 | Depths:4 | Noticed a golden dragon
 50624 | Depths:4 | Found a gate to the Realm of Zot.
 50629 | Depths:4 | Killed a golden dragon
 50630 | Depths:4 | Reached XP level 25. HP: 146/155 MP: 35/35
 51004 | Elf:2    | Found a runed translucent gate.
 51005 | Elf:2    | Found a runed translucent gate.
 51011 | Elf:2    | Found a runed translucent gate.
 51315 | Elf:2    | Found Zegos's Antique Armour Emporium.
 51737 | Elf:3    | Entered Level 3 of the Elven Halls
 51856 | Elf:3    | You pick up a book of Ice and begin reading...
 51917 | Elf:3    | Reached skill level 27 in Dodging
 52088 | Elf:3    | Found Baschut's Antique Armour Boutique.
 52091 | Elf:3    | You pick up a book of the Hunter and begin reading...
 52091 | Elf:3    | You add the spells Call Canine Familiar, Portal Projectile
                  | and Leda's Liquefaction to your library.
 52095 | Elf:3    | Bought an encrusted helmet for 323 gold pieces
 52095 | Elf:3    | Identified the +0 helmet of Articulation {rElec rF+ Dex-2}
                  | (You bought it in a shop on level 3 of the Elven Halls)
 52410 | Elf:3    | Aim: a deep elf demonologist, wielding a +0 short sword
                  | (heavily wounded, paralysed, about 2% to evade the +17
                  | lance "Wyrmbane")
 52410 | Elf:3    | Aim: a deep elf demonologist, wielding a +0 short sword
                  | (heavily wounded, paralysed, about 2% to evade the +17
                  | lance "Wyrmbane")
 52580 | Elf:3    | Identified the +4 long sword "Atyocozo" {speed, rElec rC-
                  | rN+}
 52580 | Elf:3    | Identified the ring of Fanaev {Fly rC+ SInv}
 52823 | Elf:3    | Identified the +5 scimitar of a Labyrinth {protect, rElec
                  | Str+3 SInv}
 52823 | Elf:3    | Identified the +1 robe "Heig" {Str+3 SInv}
 52823 | Elf:3    | Identified the ring "Cuarez" {rElec rC+ rN+ Will+ Int+3}
 52840 | Elf:3    | You drop +0 gold dragon scales {rare}.
 52854 | Elf:3    | Got the Quarto of Breath
 52858 | Elf:3    | You add the spells Petrify, Silence and Blade Hands to your
                  | library.
 52858 | Elf:3    | Got the Disquisition on Mutated Enchantment
 52859 | Elf:3    | Identified the +4 quarterstaff of Cocytus {vorpal, *Rage
                  | rC+ rN+ rCorr}
 52873 | Elf:3    | Reached skill level 16 in Fighting
 52877 | Elf:3    | Identified the +0 ring mail "Puis" {Will+ Str+5 Int-4}
 52882 | Elf:3    | You pick up a book of Air and begin reading...
 52903 | Elf:3    | You pick up a book of Dangerous Friends and begin
                  | reading...
 53011 | Elf:3    | You pick up a book of the Spheres and begin reading...
 53413 | Crypt:1  | Entered Level 1 of the Crypt
 53661 | Crypt:1  | Found a burning altar of Makhleb.
 53681 | Crypt:1  | Found a glowing golden altar of the Shining One.
 54049 | Crypt:1  | Noticed Xtahua
 54058 | Crypt:1  | Killed Xtahua
 54542 | Crypt:2  | Reached skill level 17 in Fighting
 54543 | Crypt:2  | Reached skill level 19 in Shields
 54576 | Crypt:2  | Reached XP level 26. HP: 149/166 MP: 27/35
 54729 | Crypt:2  | Noticed a curse skull
 54740 | Crypt:2  | Killed a curse skull
 54772 | Crypt:2  | Identified the +3 plate armour of the Heavens {Int+5 Dex-2}
 55372 | Crypt:3  | Entered Level 3 of the Crypt
 55394 | Crypt:3  | Reached skill level 17 in Invocations
 55431 | Crypt:3  | Noticed Grunn
 55450 | Crypt:3  | HP: 35/166 [Grunn/+5 bardiche of draining (56)]
 55455 | Crypt:3  | HP: 22/162 [poisoned by a reaper]
 55932 | Crypt:3  | Killed Grunn
 55940 | Crypt:3  | HP: 36/159 [reaper/+4 vorpal scythe[a doom hound] (5)]
 56277 | Crypt:3  | Reached skill level 18 in Invocations
 56287 | Crypt:3  | HP: 33/166 [???[a doom hound] (20)]
 56801 | Crypt:3  | Noticed a curse skull
 56817 | Crypt:3  | Killed a curse skull
 56929 | Crypt:3  | w - a +2 executioner's axe of draining {axerare=g}
 57127 | Crypt:3  | Reached skill level 11 in Armour
 57390 | Crypt:3  | Found a staircase to the Tomb.
 57392 | Crypt:3  | Noticed a dread lich
 57396 | Crypt:3  | Killed a dread lich
 57402 | Crypt:3  | Noticed a dread lich
 57408 | Crypt:3  | Killed a dread lich
 57416 | Crypt:3  | Found the +9 staff of Wucad Mu {*channel}
 57473 | Crypt:3  | Noticed an ancient lich
 57510 | Crypt:3  | Killed an ancient lich
 57601 | Crypt:3  | You pick up a book of Cantrips and begin reading...
 57604 | Crypt:3  | You pick up a book of the Spheres and begin reading...
 57607 | Crypt:3  | You add the spells Eringya's Noxious Bog and Summon Hydra
                  | to your library.
 57722 | Crypt:3  | Reached skill level 12 in Armour
 57752 | Crypt:3  | You add the spells Vampiric Draining, Borgnjor's Vile
                  | Clutch, Death Channel, Borgnjor's Revivification and
                  | Infestation to your library.
 57752 | Crypt:3  | Got the Secrets of Malignant Magic
 57960 | Crypt:3  | You pick up a book of the Spheres and begin reading...
 58707 | Vaults:5 | Entered Level 5 of the Vaults
 58720 | Vaults:5 | Noticed Frederick
 58733 | Vaults:5 | Killed Frederick
 58742 | Vaults:5 | Got a silver rune of Zot
 58799 | Vaults:5 | Identified the amulet "Sibaiz" {RegenMP rElec Regen+ Str-2
                  | Stlth-}
 58805 | Vaults:5 | Identified the +2 robe of the Villain {Harm rF++ Stlth+}
 58812 | Vaults:5 | You drop a +2 executioner's axe of draining {axerare=g}.
 58828 | Vaults:5 | You pick up a book of Ice and begin reading...
 58840 | Vaults:5 | Identified the +3 shortbow "Sobieck's Death" {vorpal, rF+
                  | Str+4}
 58965 | Vaults:5 | Reached XP level 27. HP: 108/172 MP: 32/36
 59025 | Vaults:5 | Identified the +7 shortbow of Reapportionment {vorpal,
                  | Will+ Dex+4 Stlth-}
 59108 | Vaults:5 | Noticed a dread lich
 59117 | Vaults:5 | Identified the ring of Xom's Amusement {Contam Will+ rCorr
                  | Int+8 Stlth+}
 59131 | Vaults:5 | Killed a dread lich
 59151 | Vaults:5 | +0 shadow dragon scales {rare}; a shadow dragon corpse
 59153 | Vaults:5 | quicksilver dragon scales {rare}; a quicksilver dragon
                  | corpse
 59213 | Vaults:5 | quicksilver dragon scales {rare}; a quicksilver dragon
                  | corpse
 59221 | Vaults:5 | +0 shadow dragon scales {rare}; a shadow dragon corpse
 59222 | Vaults:5 | quicksilver dragon scales {rare}; a quicksilver dragon
                  | corpse
 59353 | Vaults:5 | Identified the +10 short sword of Waiptupsie {vorpal,
                  | *Corrode Str+8 Int+3 Dex-4}
 59379 | Vaults:5 | You pick up a book of Misfortune and begin reading...
 59379 | Vaults:5 | You add the spells Yara's Violent Unravelling and Enfeeble
                  | to your library.
 59440 | Vaults:5 | quicksilver dragon scales {rare}; a quicksilver dragon
                  | skeleton
 59441 | Vaults:5 | +0 shadow dragon scales {rare}; a shadow dragon skeleton
 59698 | Vaults:5 | You pick up a book of Dreams and begin reading...
 59781 | Vaults:5 | Could not pick up +0 shadow dragon scales {rare} here;
                  | ([A]lways) ignore it?
 59782 | Vaults:5 | Could not pick up quicksilver dragon scales {rare} here;
                  | ([A]lways) ignore it?
 59893 | Vaults:5 | Could not pick up a +2 executioner's axe of draining
                  | {axerare=g} here; ([A]lways) ignore it?
 59971 | Vaults:5 | Identified the +4 scimitar of Infinity {antimagic, Int+3}
 59998 | Vaults:5 | Reached skill level 25 in Stealth
 60033 | Vaults:5 | a +1 double sword of holy wrath {longrare=g}; a +0 chain
                  | mail
 60033 | Vaults:5 | a +1 double sword of holy wrath {longrare=g}; a +0 chain
                  | mail
 60033 | Vaults:5 | Could not pick up a +1 double sword of holy wrath
                  | {longrare=g} here; ([A]lways) ignore it?
 60038 | Vaults:5 | Identified the +6 flail of Fate {freeze, rPois rN+ Dex+3}
 60046 | Vaults:5 | Noticed an ancient lich
 60059 | Vaults:5 | Killed an ancient lich
 60060 | Vaults:5 | Reached skill level 18 in Fighting
 60064 | Vaults:5 | Noticed an ancient lich
 60081 | Vaults:5 | Reached skill level 19 in Invocations
 60083 | Vaults:5 | Killed an ancient lich
 60084 | Vaults:5 | Reached skill level 13 in Armour
 60174 | Vaults:5 | +0 storm dragon scales {rare}; a storm dragon corpse
 60174 | Vaults:5 | +0 storm dragon scales {rare}; a storm dragon corpse
 60174 | Vaults:5 | Could not pick up +0 storm dragon scales {rare} here;
                  | ([A]lways) ignore it?
 60203 | Vaults:5 | Noticed a dread lich
 60214 | Vaults:5 | Killed a dread lich
 60359 | Vaults:5 | Found Owefefuss's Weapon Shop.
 60394 | Vaults:5 | You pick up a book of the Warp and begin reading...
 60394 | Vaults:5 | You add the spells Manifold Assault, Dispersal and
                  | Disjunction to your library.
 60648 | Vaults:5 | You pick up a book of the Tundra and begin reading...
 61112 | Zot:1    | Entered Level 1 of the Realm of Zot
 61480 | Zot:1    | Noticed a curse toe
 61515 | Depths:4 | HP: 40/175 [??? (30)]
 61522 | Depths:4 | Killed a curse toe
 61697 | Zot:1    | Acquired a manual of Armour
 61989 | Zot:1    | Noticed a curse toe
 61997 | Zot:1    | Killed a curse toe
 62009 | Zot:1    | Noticed a curse toe
 62016 | Zot:1    | Killed a curse toe
 62035 | Zot:1    | Noticed a curse toe
 62040 | Zot:1    | Reached skill level 26 in Stealth
 62043 | Zot:1    | Killed a curse toe
 62053 | Zot:1    | Noticed a curse toe
 62067 | Zot:1    | Killed a curse toe
 62171 | Zot:1    | Noticed a curse toe
 62181 | Zot:1    | Killed a curse toe
 62182 | Zot:1    | Reached skill level 14 in Armour
 62206 | Zot:1    | Identified the +0 chain mail "Goaxteru" {Str+4}
 62490 | Zot:1    | Acquired the +1 pair of gloves "Xeco" {-Cast rF+ SInv}
 62760 | Zot:2    | Reached skill level 19 in Fighting
 62991 | Zot:2    | Reached skill level 20 in Invocations
 63142 | Zot:2    | Noticed an electric golem
 63154 | Zot:2    | Killed an electric golem
 63429 | Zot:2    | You pick up a book of Rime and begin reading...
 63806 | Zot:2    | Identified +0 gold dragon scales
 63822 | Zot:2    | +0 gold dragon scales {rare}; a golden dragon corpse
 63822 | Zot:2    | +0 gold dragon scales {rare}; a golden dragon corpse
 63822 | Zot:2    | Could not pick up +0 gold dragon scales {rare} here;
                  | ([A]lways) ignore it?
 63836 | Zot:2    | Noticed an orb of fire
 63848 | Zot:2    | Killed an orb of fire
 63849 | Zot:2    | Reached skill level 15 in Armour
 64026 | Zot:2    | Identified the +9 shortbow of the Valley of Death {flame,
                  | rF+ Str+3 Dex+2}
 64086 | Zot:2    | Noticed an orb of fire
 64100 | Zot:2    | Gained mutation: You are clumsy. (Dex -2) [an orb of fire]
 64106 | Zot:2    | Killed an orb of fire
 64273 | Zot:2    | +0 storm dragon scales {rare}; a storm dragon corpse
 64296 | Zot:2    | Identified the +10 dire flail of the Grave {vorpal, Will+}
 64462 | Zot:2    | Acquired 643 gold pieces
 64644 | Zot:3    | quicksilver dragon scales {rare}; a quicksilver dragon
                  | corpse
 64666 | Zot:3    | Reached skill level 27 in Stealth
 64673 | Zot:3    | Noticed a curse toe
 64700 | Zot:3    | Killed a curse toe
 64872 | Zot:3    | Found a sacrificial altar of Ru.
 64899 | Zot:3    | Noticed an orb of fire
 64903 | Zot:3    | Killed an orb of fire
 64904 | Zot:3    | Reached skill level 20 in Fighting
 64915 | Zot:3    | Found a transporter.
 64921 | Zot:3    | Noticed a dread lich
 64965 | Zot:3    | You fall into a shaft and drop 1 floor!
 64965 | Zot:4    | Found a shimmering altar of Xom.
 65013 | Zot:4    | Reached skill level 16 in Armour
 65027 | Zot:4    | Reached skill level 21 in Invocations
 65545 | Zot:3    | Identified the +10 hand axe of Vanity {pain, MP+9 Str+4}
 65641 | Zot:3    | +0 storm dragon scales {rare}; a storm dragon corpse
 65891 | Zot:4    | You add the spells Animate Dead and Ignition to your
                  | library.
 65891 | Zot:4    | Got Sif Muna's Catalogue of the Zealot
 65900 | Zot:4    | You pick up a book of the Dragon and begin reading...
 65900 | Zot:4    | You add the spells Cause Fear, Dragon Form and Dragon's
                  | Call to your library.
 65909 | Zot:4    | Got the Handbook of Fire and Brimstone {throwing}
 66062 | Zot:4    | Reached skill level 17 in Armour
 66535 | Zot:4    | You pick up a book of Dangerous Friends and begin
                  | reading...
 66762 | Zot:5    | Entered Level 5 of the Realm of Zot
 66844 | Zot:5    | Reached skill level 22 in Invocations
 66870 | Zot:5    | Reached skill level 21 in Fighting
 66899 | Zot:5    | Noticed a dread lich
 66912 | Zot:5    | Noticed an ancient lich
 66916 | Zot:5    | Killed a dread lich
 66948 | Zot:5    | Killed an ancient lich
 67189 | Zot:5    | Noticed an orb of fire
 67193 | Zot:5    | Noticed an orb of fire
 67209 | Zot:5    | Killed an orb of fire
 67210 | Zot:5    | Killed an orb of fire
 67210 | Zot:5    | Noticed a dread lich
 67211 | Zot:5    | Noticed a Killer Klown
 67213 | Zot:5    | Noticed an orb of fire
 67220 | Zot:5    | Reached skill level 23 in Invocations
 67223 | Zot:5    | Noticed an orb of fire
 67243 | Zot:5    | Killed an orb of fire
 67243 | Zot:5    | Gained mutation: You are dopey. (Int -2) [an orb of fire]
 67247 | Zot:5    | Killed a dread lich
 67247 | Zot:5    | Killed an orb of fire
 67250 | Zot:5    | Killed a Killer Klown
 67361 | Zot:5    | Noticed a dread lich
 67377 | Zot:5    | Killed a dread lich
 67496 | Zot:5    | Noticed an electric golem
 67516 | Zot:5    | Killed an electric golem
 67544 | Zot:5    | Reached skill level 18 in Armour
 67596 | Zot:5    | Noticed an electric golem
 67619 | Zot:5    | Killed an electric golem
 67620 | Zot:5    | Identified +0 gold dragon scales
 67620 | Zot:5    | Noticed a Killer Klown
 67634 | Zot:5    | Killed a Killer Klown
 67671 | Zot:5    | +0 gold dragon scales {rare}; a golden dragon corpse
 67677 | Zot:5    | Reached skill level 22 in Fighting
 67923 | Zot:5    | Reached skill level 24 in Invocations
 67995 | Zot:5    | Identified +0 gold dragon scales
 68010 | Zot:5    | +0 gold dragon scales {rare}; a golden dragon corpse
 68172 | Zot:5    | +0 shadow dragon scales {rare}; a +9 vorpal club {mace}
 68226 | Zot:5    | +0 shadow dragon scales {rare}; a +9 vorpal club {mace}
 68318 | Zot:5    | +0 shadow dragon scales {rare}; a +9 vorpal club {mace}
 68345 | Zot:5    | +0 shadow dragon scales {rare}; a +9 vorpal club {mace}
 68395 | Zot:5    | Got the Orb of Zot
 68465 | Zot:5    | +0 shadow dragon scales {rare}; a +9 vorpal club {mace}
 68471 | Zot:5    | Noticed Liywnyec the pandemonium lord
 68486 | Zot:5    | Killed Liywnyec the pandemonium lord
 68523 | Zot:5    | Gained mutation: You occasionally lose the ability to drink
                  | potions when taking damage. [a cacodemon]
 68665 | Zot:1    | Noticed a Killer Klown
 68666 | Zot:1    | Noticed a Killer Klown
 68666 | Zot:1    | Noticed a Killer Klown
 68666 | Zot:1    | Noticed a Killer Klown
 68666 | Zot:1    | Noticed a Killer Klown
 68666 | Zot:1    | Noticed a Killer Klown
 68666 | Zot:1    | Noticed a Killer Klown
 68674 | Zot:1    | Noticed Quossuri the pandemonium lord
 68677 | Zot:1    | HP: 31/185 [Quossuri the pandemonium lord (60)]
 68679 | Zot:1    | HP: 1/183 [Quossuri the pandemonium lord (30)]
 68679 | Zot:1    | Slain by Quossuri the pandemonium lord

Vanquished Creatures
  7 dread liches
  7 orbs of fire
  4 ancient liches
  Mara (Vaults:4)
  Mennas (Vaults:3)
  A juggernaut (Depths:2)
  Sojobo (Vaults:2)
  7 curse toes
  Frederick (Vaults:5)
  Bai Suzhen (Vaults:4)
  2 Killer Klowns (Zot:5)
  Xtahua (Crypt:1)
  Margery (Depths:3)
  12 golden dragons
  Jory (Vaults:4)
  3 bone dragons
  A pandemonium lord (Zot:5)
  3 doom hounds (Crypt:3)
  3 electric golems
  Jorgrun (D:14)
  2 Tzitzimimeh (Crypt:2)
  A Hell Sentinel (Zot:1)
  18 tentacled monstrosities
  A shard shrike skeleton (Crypt:3)
  27 Orb Guardians (Zot:5)
  Grunn (Crypt:3)
  2 deep elf blademasters (Elf:3)
  3 liches
  2 deep elf master archers (Elf:3)
  7 quicksilver dragons
  A walking divine tome (Depths:3)
  2 ancient champions
  2 titans (Vaults:5)
  14 death cobs
  3 thorn hunters
  12 storm dragons
  6 tengu reavers
  3 sphinxes
  11 shadow dragons
  14 draconian monks
  A fenstrider witch (Swamp:2)
  10 fire giants
  4 revenants
  10 nagarajas
  Louise (Swamp:4)
  11 draconian knights
  9 ghost moths
  A cacodemon (Zot:5)
  An iron dragon (Vaults:3)
  5 frost giants
  9 draconian scorchers
  6 deep elf sorcerers
  21 vault wardens
  4 draconian shifters
  2 caustic shrike zombies (Crypt:3)
  5 orc warlords
  10 draconian annihilators
  10 stone giants
  5 deep elf elementalists
  A juggernaut zombie (Depths:3)
  2 curse skulls
  13 ghouls
  12 draconian stormcallers
  A balrug (Zot:5)
  6 war gargoyles
  21 very ugly things
  A juggernaut skeleton (Crypt:1)
  14 green draconians
  28 ironbound preservers
  6 vampire knights
  10 ironbound thunderhulks
  10 black draconians
  6 reapers
  2 putrid mouths
  2 eleionomae
  22 yellow draconians
  12 deep elf demonologists
  16 dire elephants
  12 purple draconians
  6 bunyips
  7 deep elf annihilators
  17 red draconians
  19 white draconians
  The ghost of Weirdisaac the Cleaver, a journeyman DrFi of Qazlal (Orc:2)
  3 eidola
  7 deep elf death magi
  20 ettins
  A merfolk javelineer (Depths:3)
  10 jiangshi
  11 fire dragons
  6 entropy weavers
  9 yaktaur captains
  A deep elf high priest (Elf:3)
  9 great orbs of eyes
  A shambling mangrove (Swamp:4)
  35 vault guards
  7 catoblepae
  2 rakshasas
  7 salamander tyrants
  11 centaur warriors
  A juggernaut simulacrum (Depths:3)
  7 ogre magi
  2 ghost crabs (Swamp:1)
  10 ironbound frosthearts
  2 peacekeepers
  6 ice dragons
  A bennu zombie (Crypt:2)
  3 spriggan skeletons
  21 hydras
  12 dancing weapons
  5 boulder beetles
  29 death yaks
  28 two-headed ogres
  6 alligators
  A satyr (shapeshifter) (D:7)
  3 deep troll shamans
  8 anacondas
  4 deep troll earth magi (Depths:2)
  17 naga warriors
  4 tengu warriors
  3 hell hogs (Depths:1)
  2 orc high priests
  A titan zombie (Crypt:1)
  6 vampire magi
  Urug (Lair:2)
  9 naga sharpshooters
  4 spriggan berserkers
  A titan skeleton (Crypt:3)
  8 shock serpents
  23 hell knights
  7 soul eaters
  4 sun demons
  6 goliath frogs
  14 deep elf knights
  7 iron trolls
  A shadow wraith (Vaults:3)
  8 salamander mystics
  33 skeletal warriors
  A death drake (shapeshifter) (Vaults:5)
  11 swamp dragons
  3 spriggan druids
  17 deep elf archers
  3 glowing orange brains
  A bunyip skeleton (Crypt:1)
  13 lindwurms
  3 naga ritualists
  62 deep trolls
  A lindwurm (shapeshifter) (Vaults:4)
  An iron giant skeleton (Crypt:1)
  14 ironbound convokers
  18 orc knights
  18 deep elf zephyrmancers
  10 necromancers
  14 wizards
  12 bog bodies
  7 phantasmal warriors
  32 deep elf pyromancers
  2 orc sorcerers
  40 ugly things
  5 harpies (Vaults:1)
  A shining eye (shapeshifter) (Vaults:5)
  5 mana vipers
  A fire giant zombie (Depths:3)
  6 manticores
  2 centaur zombies
  A frost giant zombie (Crypt:1)
  4 will-o-the-wisps
  A goliath frog skeleton (Crypt:1)
  31 salamanders
  3 cyclopes
  19 naga magi
  A rust devil (Zot:5)
  27 moths of wrath
  2 naga zombies
  An eleionoma skeleton (Crypt:2)
  9 fire giant skeletons (Crypt:3)
  7 guardian serpents
  A molten gargoyle (Depths:4)
  5 elephants
  34 black mambas
  A dire elephant skeleton (Crypt:3)
  2 titan simulacra
  22 vault sentinels
  3 naga skeletons
  9 apocalypse crabs (Zot:1)
  A hellion (Zot:4)
  2 orange demons (Zot:5)
  3 rime drakes
  Psyche (D:8)
  4 gargoyles (Crypt:3)
  13 cane toads
  17 yaktaurs
  2 smoke demons (Depths:1)
  A centaur skeleton (Crypt:3)
  An efreet (D:15)
  3 freezing wraiths
  A kobold demonologist (D:9)
  An unseen horror (D:12)
  11 komodo dragons
  6 trolls
  3 tengu conjurers
  3 tormentors
  2 guardian mummies (Crypt:1)
  A harpy zombie (Crypt:3)
  2 polar bears
  A hornet (shapeshifter) (Vaults:3)
  A wind drake (shapeshifter) (Elf:3)
  17 slime creatures
  11 hornets
  A jumping spider zombie (Crypt:2)
  7 tyrant leeches
  17 dream sheep
  2 harpy skeletons (Crypt:3)
  28 blink frogs
  A satyr zombie (Crypt:1)
  11 flying skulls (Crypt:1)
  2 culicivoras (Vaults:4)
  A deep troll skeleton (Vaults:3)
  9 spriggans
  7 fire dragon skeletons (Crypt:3)
  4 shadows
  3 centaur simulacra
  A culicivora (shapeshifter) (Vaults:5)
  2 air elementals
  11 wraiths
  50 yaks
  An elf zombie (Vaults:3)
  A yak (shapeshifter) (Elf:1)
  10 water elementals
  A wind drake zombie (Crypt:1)
  6 vampires
  2 wyverns
  2 fire bats (Depths:1)
  3 fire elementals
  5 redbacks
  A neqoxec (Zot:5)
  4 basilisks
  A steam dragon (D:7)
  5 vampire mosquitoes
  4 wargs
  An ogre zombie (Vaults:3)
  4 acid dragons
  42 nagas
  14 swamp worms
  A deep troll zombie (Crypt:1)
  7 water moccasins
  A two-headed ogre skeleton (Crypt:1)
  A merfolk skeleton (Crypt:1)
  30 orc warriors
  4 sky beasts (D:7)
  2 ice beasts
  8 swamp drakes
  An elephant zombie (Crypt:2)
  2 black bears
  27 ogres
  6 boggarts
  30 wolves
  6 centaurs
  7 kobold brigands
  3 human zombies
  14 bullfrogs
  4 gnoll sergeants
  3 necrophages
  3 scorpions
  4 earth elementals
  2 spriggan zombies
  A wight (D:7)
  6 killer bees (D:9)
  A shapeshifter skeleton (Crypt:1)
  A crimson imp (D:4)
  6 hounds
  17 orc priests
  2 jellies
  4 gnoll boudas
  5 hell rats (Lair:5)
  10 iguanas
  16 orc wizards
  6 mummies (Crypt:1)
  A howler monkey zombie (Crypt:1)
  8 adders
  47 gnolls
  6 river rats (Lair:5)
  5 white imps
  7 worms
  3 dart slugs
  84 orcs
  3 ball pythons
  A bat skeleton (Crypt:2)
  An endoplasm (D:4)
  4 giant cockroaches
  4 goblins
  4 hobgoblins
  3 jackals (D:4)
  17 kobolds
  4 quokkas
  5 bats
  3 frilled lizards
  2 goblin skeletons (D:4)
  2 goblin zombies
  A hobgoblin zombie (D:4)
  2 kobold skeletons
  A kobold zombie (D:4)
  An orc skeleton (D:4)
  3 orc zombies (D:4)
  13 rats
2345 creatures vanquished.

Vanquished Creatures (collateral kills)
  2 death yaks (D:9)
  An orc knight (Vaults:3)
3 creatures vanquished.

Vanquished Creatures (others)
  An eleionoma (Swamp:2)
  A necromancer (Crypt:1)
  A bloated husk (Swamp:2)
  A shadow imp (D:7)
  An orc (D:7)
  6 foxfires (Swamp:1)
  25 fungi
  91 plants
  44 withered plants
171 creatures vanquished.

Grand Total: 2519 creatures vanquished

Table legend:
 A = Non-vault XP
 B = Vault XP
 C = Vault XP percentage of total XP
 D = Non-vault monster count
 E = Vault monster count
 F = Vault count percentage of total count
                 A         B        C        D         E       F
            +---------+---------+-------+---------+---------+-------
      Total |  850522 |  715383 |  45.7 |    1496 |     837 |  35.9
            +---------+---------+-------+---------+---------+-------
        D:1 |      14 |       0 |   0.0 |      10 |       0 |   0.0
        D:2 |     175 |       0 |   0.0 |      30 |       0 |   0.0
        D:3 |      91 |       0 |   0.0 |      18 |       0 |   0.0
        D:4 |     302 |      60 |  16.6 |      23 |      11 |  32.4
        D:5 |     748 |       0 |   0.0 |      21 |       0 |   0.0
        D:6 |     984 |       0 |   0.0 |      26 |       0 |   0.0
        D:7 |     943 |    3488 |  78.7 |      21 |      26 |  55.3
        D:8 |    2228 |     391 |  14.9 |      19 |       1 |   5.0
        D:9 |    4615 |    2000 |  30.2 |      31 |      12 |  27.9
       D:10 |    3071 |       0 |   0.0 |      16 |       0 |   0.0
       D:11 |    3272 |     675 |  17.1 |      13 |      22 |  62.9
       D:12 |    2980 |       0 |   0.0 |       8 |       0 |   0.0
       D:13 |    4598 |    6927 |  60.1 |      11 |       8 |  42.1
       D:14 |    5928 |    2004 |  25.3 |       9 |       1 |  10.0
       D:15 |    7555 |    2883 |  27.6 |      19 |       4 |  17.4
     Lair:1 |    6557 |       0 |   0.0 |      23 |       0 |   0.0
     Lair:2 |   10734 |    4268 |  28.4 |      29 |      25 |  46.3
     Lair:3 |    5095 |    1250 |  19.7 |      18 |       2 |  10.0
     Lair:4 |   11720 |     804 |   6.4 |      37 |       4 |   9.8
     Lair:5 |   17671 |   12007 |  40.5 |      53 |      41 |  43.6
    Swamp:1 |   14624 |       0 |   0.0 |      33 |       0 |   0.0
    Swamp:2 |   13535 |       0 |   0.0 |      18 |       0 |   0.0
    Swamp:3 |   23536 |       0 |   0.0 |      32 |       0 |   0.0
    Swamp:4 |    6908 |   18158 |  72.4 |      17 |      27 |  61.4
    Snake:1 |   12220 |       0 |   0.0 |      25 |       0 |   0.0
    Snake:2 |   16495 |    2286 |  12.2 |      28 |       4 |  12.5
    Snake:3 |   19585 |    2172 |  10.0 |      39 |       4 |   9.3
    Snake:4 |   23490 |   31509 |  57.3 |      48 |      45 |  48.4
      Orc:1 |    4109 |     263 |   6.0 |      45 |       6 |  11.8
      Orc:2 |    3592 |   19163 |  84.2 |      28 |      45 |  61.6
      Elf:1 |   15735 |   10543 |  40.1 |      27 |      22 |  44.9
      Elf:2 |   23329 |     818 |   3.4 |      36 |       1 |   2.7
      Elf:3 |   19355 |   30775 |  61.4 |      31 |      29 |  48.3
   Vaults:1 |   25863 |   21663 |  45.6 |      42 |      27 |  39.1
   Vaults:2 |   20169 |   32600 |  61.8 |      28 |      35 |  55.6
   Vaults:3 |   54380 |   44933 |  45.2 |      75 |      46 |  38.0
   Vaults:4 |   44382 |   34599 |  43.8 |      64 |      34 |  34.7
   Vaults:5 |   12682 |  110258 |  89.7 |      17 |      87 |  83.7
    Crypt:1 |   36494 |    3762 |   9.3 |      69 |       2 |   2.8
    Crypt:2 |   37511 |     976 |   2.5 |      48 |       2 |   4.0
    Crypt:3 |    6966 |   71266 |  91.1 |       7 |      84 |  92.3
   Depths:1 |   12143 |   12665 |  51.1 |      20 |      17 |  45.9
   Depths:2 |   29488 |   29844 |  50.3 |      34 |      32 |  48.5
   Depths:3 |   28743 |    5509 |  16.1 |      37 |       5 |  11.9
   Depths:4 |   32922 |   21912 |  40.0 |      31 |      22 |  41.5
      Zot:1 |   48800 |   17212 |  26.1 |      41 |      14 |  25.5
      Zot:2 |   61444 |   24945 |  28.9 |      49 |      19 |  27.9
      Zot:3 |   36409 |       0 |   0.0 |      29 |       0 |   0.0
      Zot:4 |   38736 |   33857 |  46.6 |      32 |      30 |  48.4
      Zot:5 |   37596 |   96938 |  72.1 |      31 |      41 |  56.9
            +---------+---------+-------+---------+---------+-------

Illustrated notes

Table legend:
 A = Kills in this place as a percentage of kills in entire the game.
 B = Kills by you in this place as a percentage of kills by you in the entire game.
 C = Kills by friends in this place as a percentage of kills by friends in the entire game.
 D = Other kills in this place as a percentage of other kills in the entire game.
 E = Experience gained in this place as a percentage of experience gained in the entire game.
 F = Experience gained in this place divided by the number of levels of this place that you have seen.
                   A       B       C       D       E      F
               +-------+-------+-------+-------+-------+----------------------
         Total | 100.0 | 100.0 | 100.0 | 100.0 | 100.0 | 30434.8
       Dungeon |  15.3 |  15.2 |  66.7 |  33.3 |   3.5 | 3728.8
          Lair |   9.9 |   9.9 |   0.0 |   0.0 |   4.4 | 14021.2
         Swamp |   5.4 |   5.4 |   0.0 |  16.7 |   4.9 | 19190.2
     Snake Pit |   8.2 |   8.2 |   0.0 |   0.0 |   6.8 | 26939.2
  Orcish Mines |   5.3 |   5.3 |   0.0 |   0.0 |   1.7 | 13563.5
   Elven Halls |   6.2 |   6.2 |   0.0 |   0.0 |   6.4 | 33518.3
        Vaults |  19.4 |  19.3 |  33.3 |  50.0 |  25.4 | 80305.8
         Crypt |   9.0 |   9.1 |   0.0 |   0.0 |   9.9 | 52325.0
        Depths |   8.4 |   8.5 |   0.0 |   0.0 |  10.9 | 43306.5
           Zot |  12.9 |  12.9 |   0.0 |   0.0 |  26.1 | 82528.2
               +-------+-------+-------+-------+-------+----------------------

Table legend: (Time is in decaauts)
 A = Elapsed time spent in this place.
 B = Non-inter-level travel time spent in this place.
 C = Inter-level travel time spent in this place.
 D = Time resting spent in this place.
 E = Time spent auto-exploring this place.
 F = Levels seen in this place.
 G = Mean time per level.
                   A        B        C        D        E       F      G
               +--------+--------+--------+--------+--------+-----+--------+
         Total |  65071 |  58806 |   6265 |   6774 |  36726 |  52 | 1251.4 |
       Dungeon |  19971 |  17314 |   2657 |   1613 |  12560 |  15 | 1331.4 |
        Temple |     34 |     22 |     12 |      0 |      9 |   1 |   34.0 |
          Lair |   5746 |   5306 |    440 |    366 |   3781 |   5 | 1149.2 |
         Swamp |   2689 |   2597 |     92 |     96 |   1875 |   4 |  672.2 |
     Snake Pit |   4628 |   4179 |    449 |    448 |   2506 |   4 | 1157.0 |
  Orcish Mines |   1885 |   1613 |    272 |     63 |   1162 |   2 |  942.5 |
   Elven Halls |   3538 |   3258 |    280 |    377 |   2076 |   3 | 1179.3 |
        Vaults |  10188 |   8963 |   1225 |   1233 |   4179 |   5 | 2037.6 |
         Crypt |   4725 |   4581 |    144 |    851 |   2541 |   3 | 1575.0 |
        Depths |   4959 |   4660 |    299 |    381 |   3006 |   4 | 1239.8 |
           Zot |   6641 |   6249 |    392 |   1344 |   2996 |   5 | 1328.2 |
        Bazaar |     61 |     61 |      0 |      0 |     31 |   1 |   61.0 |
               +--------+--------+--------+--------+--------+-----+--------+

Top non-repeatable levels by time:
Vaults:3: 2592 daAuts
Vaults:4: 2389 daAuts
 Crypt:3: 2096 daAuts
     D:9: 1850 daAuts
     D:6: 1839 daAuts
Vaults:2: 1823 daAuts
     D:3: 1815 daAuts
Vaults:5: 1789 daAuts
Depths:4: 1732 daAuts
 Crypt:2: 1654 daAuts
Vaults:1: 1593 daAuts
   Zot:5: 1542 daAuts
  Lair:5: 1535 daAuts
 Snake:4: 1510 daAuts
   Zot:2: 1501 daAuts
